Workbook

Sheet DADOS DA OBRA
B10: DADOS DO EMPREENDIMENTO
B12: OBJETO
B13: DEMOLIÇÃO DO RESERVATÓRIO EXISTENTE, EXECUÇÃO DE RESERVATÓRIO METÁLICO ELEVADO E REESTRUTURAÇÃO (COM AMPLIAÇÃO) DA REDE DE DISTRIBUIÇÃO DE ÁGUA TRATADA EXISTENTE NO MUNICÍPIO DE MATRINCHÃ
B15: ENDEREÇO
B16: RUAS DIVERSAS
B18: Bairro | J18: Cidade | P18: UF
B19: DIVERSOS | J19: MATRINCHÃ | P19: GO
B21: Área Total de Construção | F21: BDI | J21: ENCARGOS SOCIAIS HORISTAS | N21: Data do Orçamento
F22: =#REF!/100 -> #REF! | J22: ='ENCARGOS SOCIAIS'!D43 -> 0.8163 | N22: 04/11/2024
B24: Prazo | F24: BDI REDUZIDO | J24: ENCARGOS SOCIAIS MENSALISTAS | N24: Revisão
B25: 04 MESES | F25: =#REF!/100 -> #REF! | J25: ='ENCARGOS SOCIAIS'!E43 -> 0.4528 | N25: 00
B27: BASE
B28: GOINFRA CIVIL-06/2024, GOINFRA RODOVIÁRIA-06/2024, SINAPI-08/2024, ORSE-06/2024, SENFRA-CE-028, SCO-08/2024, CPOS-06/2024, EMBASA-05/2024, SIURB-01/2024

Sheet CAPA - ORÇAMENTO
C9: ORÇAMENTO
C15: OBJETO: | D15: Contratação de empresa, ou consórcio de empresas, com prática na execução de serviços técnicos especializados, de caráter subsidiário e temporário em assessoramento nas áreas de engenharia, arquitetura, jurídica e apoio na gestão de ações e projetos no âmbito da Secretaria de Estado da Infraestrutura – SEINFRA
C16: LOCAL: | D16: Rua 05, n. 833, Quadra C5, Lote 23, Setor Oeste, Goiânia - GO
C17: DATA: | D17: 10/12/2024
C18: RESPONSÁVEL: | D18: ENGENHEIRO CIVIL THIAGO ALVES SILVA
C19: CREA: | D19: 1004804750D-GO
C20: ART: | D20: 1020240357808

Sheet ORÇAMENTO RESUMO
B1: ORÇAMENTO RESUMO
B3: OBJETO: | C3: ='CAPA - ORÇAMENTO'!D15 -> Contratação de empresa, ou consórcio de empresas, com prática na execução de serviços técnicos especializados, de caráter subsidiário e temporário em assessoramento nas áreas de engenharia, arquitetura, jurídica e apoio na gestão de ações e projetos no âmbito da Secretaria de Estado da Infraestrutura – SEINFRA | J3: DATA: | K3: ='CAPA - ORÇAMENTO'!D17 -> 10/12/2024
B4: LOCAL: | C4: =+'CAPA - ORÇAMENTO'!D16 -> Rua 05, n. 833, Quadra C5, Lote 23, Setor Oeste, Goiânia - GO | J4: REVISÃO: | K4: ='DADOS DA OBRA'!$N$25 -> 00
B5: BASE: | C5: SINAPI - 10/2024 (GO) / SETOP - 07/2024 (MG) / SEINFRA - 028 (CE) / EMBASA - 05/2024 (BA) | H5: PRAZO: | I5: 24 MESES | J5: BDI: | K5: ='BDI NORMAL'!K25 -> 0.4458
B8: Item | E8: Descrição | K8: Total
B9: 1 | E9: ='ORÇAMENTO SINTÉTICO'!E9 -> PRODUTO 01 - ASSESSORAMENTO TÉCNICO À GESTÃO DE PLANEJAMENTO DE OBRAS PÚBLICAS | K9: ='ORÇAMENTO SINTÉTICO'!L9 -> 9380210.6
B10: 2 | E10: ='ORÇAMENTO SINTÉTICO'!E17 -> PRODUTO 02 - ASSESSORAMENTO TÉCNICO À GESTÃO DE EXECUÇÃO DE OBRAS PÚBLICAS | K10: ='ORÇAMENTO SINTÉTICO'!L17 -> 4566107.8
B11: 3 | E11: ='ORÇAMENTO SINTÉTICO'!E21 -> PRODUTO 03 - ASSESSORAMENTO TÉCNICO À ELABORAÇÃO DE PROJETOS E ORÇAMENTOS DE OBRAS | K11: ='ORÇAMENTO SINTÉTICO'!L21 -> 5217278.6
B12: 4 | E12: ='ORÇAMENTO SINTÉTICO'!E28 -> PRODUTO 04 - ASSESSORAMENTO TÉCNICO À GESTÃO DE PLANEJAMENTO HABITACIONAL | K12: ='ORÇAMENTO SINTÉTICO'!L28 -> 4311963.1
B13: 5 | E13: ='ORÇAMENTO SINTÉTICO'!E34 -> PRODUTO 05 - ASSESSORAMENTO TÉCNICO À GESTÃO DE PLANEJAMENTO DE SANEAMENTO | K13: ='ORÇAMENTO SINTÉTICO'!L34 -> 3456187.2
B14: 6 | E14: ='ORÇAMENTO SINTÉTICO'!E39 -> PRODUTO 06 - ASSESSORAMENTO TÉCNICO À GESTÃO DE CONTROLE INTERNO | K14: ='ORÇAMENTO SINTÉTICO'!L39 -> 3241608.5
I16: Total sem BDI | K16: ='ORÇAMENTO SINTÉTICO'!L46 -> 20869663
I17: Total do BDI | K17: ='ORÇAMENTO SINTÉTICO'!L47 -> 9303692.4
I18: Total Geral | K18: =SUM(K9:K14) -> 30173356

Sheet ORÇAMENTO SINTÉTICO
B1: ORÇAMENTO SINTÉTICO
B3: OBJETO: | C3: ='ORÇAMENTO RESUMO'!C3 -> Contratação de empresa, ou consórcio de empresas, com prática na execução de serviços técnicos especializados, de caráter subsidiário e temporário em assessoramento nas áreas de engenharia, arquitetura, jurídica e apoio na gestão de ações e projetos no âmbito da Secretaria de Estado da Infraestrutura – SEINFRA | K3: DATA: | L3: ='ORÇAMENTO RESUMO'!K3 -> 10/12/2024
B4: LOCAL: | C4: ='ORÇAMENTO RESUMO'!C4 -> Rua 05, n. 833, Quadra C5, Lote 23, Setor Oeste, Goiânia - GO | K4: REVISÃO: | L4: ='ORÇAMENTO RESUMO'!K4 -> 00
B5: BASE: | C5: ='ORÇAMENTO RESUMO'!C5 -> SINAPI - 10/2024 (GO) / SETOP - 07/2024 (MG) / SEINFRA - 028 (CE) / EMBASA - 05/2024 (BA) | I5: PRAZO : | J5: ='ORÇAMENTO RESUMO'!I5 -> 24 MESES | K5: BDI: | L5: ='ORÇAMENTO RESUMO'!K5 -> 0.4458
B8: Item | C8: Código | D8: Banco | E8: Descrição | F8: Und | G8: Qtd | H8: Valor Unit | I8: Valor Total sem BDI | J8: BDI | K8: Valor Unit com BDI | L8: Valor Total com BDI
B9: 1 | E9: PRODUTO 01 - ASSESSORAMENTO TÉCNICO À GESTÃO DE PLANEJAMENTO DE OBRAS PÚBLICAS | I9: =SUBTOTAL(9,I10:I16) -> 6487903.7 | L9: =SUBTOTAL(9,L10:L16) -> 9380210.6
B10: 1.1 | C10: 00001 | D10: Próprio | E10: Apoiar a elaboração, análise e revisão de normativas técnicas e administrativas; | F10: mês | G10: 24 | H10: 16448.89 | I10: =TRUNC(G10 * H10, 2) -> 394773.36 | J10: =+$L$5 -> 0.4458 | K10: =TRUNC(H10 * (1 + J10),2) -> 23781.8 | L10: =TRUNC((G10 * K10),2) -> 570763.2
B11: 1.2 | C11: 00002 | D11: Próprio | E11: Apoiar a elaboração, análise e revisão de Programas, Planos e Anteprojetos de infraestrutura | F11: mês | G11: 24 | H11: 16448.89 | I11: =TRUNC(G11 * H11, 2) -> 394773.36 | J11: =+$L$5 -> 0.4458 | K11: =TRUNC(H11 * (1 + J11),2) -> 23781.8 | L11: =TRUNC((G11 * K11),2) -> 570763.2
B12: 1.3 | C12: 00003 | D12: Próprio | E12: Apoiar a elaboração e análise de anteprojetos, projetos básicos e executivos de engenharia | F12: mês | G12: 24 | H12: 90452.45 | I12: =TRUNC(G12 * H12, 2) -> 2170858.8 | J12: =+$L$5 -> 0.4458 | K12: =TRUNC(H12 * (1 + J12),2) -> 130776.15 | L12: =TRUNC((G12 * K12),2) -> 3138627.6
B13: 1.4 | C13: 00004 | D13: Próprio | E13: Apoiar a elaboração, análise e revisão de documentação de planejamento de contratações de projetos e obras de infraestrutura | F13: mês | G13: 24 | H13: 69171.49 | I13: =TRUNC(G13 * H13, 2) -> 1660115.8 | J13: =+$L$5 -> 0.4458 | K13: =TRUNC(H13 * (1 + J13),2) -> 100008.14 | L13: =TRUNC((G13 * K13),2) -> 2400195.4
B14: 1.5 | C14: 00005 | D14: Próprio | E14: Apoiar a elaboração, análise e revisão de estudos e relatórios ambientais (EIA, RIMA, e afins) relacionados aos projetos e obras de infraestrutura | F14: mês | G14: 24 | H14: 18964.5 | I14: =TRUNC(G14 * H14, 2) -> 455148 | J14: =+$L$5 -> 0.4458 | K14: =TRUNC(H14 * (1 + J14),2) -> 27418.87 | L14: =TRUNC((G14 * K14),2) -> 658052.88
B15: 1.6 | C15: 00006 | D15: Próprio | E15: Apoiar a elaboração, análise e revisão de Relatórios de Vistoria de obras e projetos de interesse da SEINFRA | F15: mês | G15: 24 | H15: 41502.45 | I15: =TRUNC(G15 * H15, 2) -> 996058.8 | J15: =+$L$5 -> 0.4458 | K15: =TRUNC(H15 * (1 + J15),2) -> 60004.24 | L15: =TRUNC((G15 * K15),2) -> 1440101.8
B16: 1.7 | C16: 00007 | D16: Próprio | E16: Apoiar a gestão de documentos e informações dos processos internos afim de subsidiar a retroalimentação e melhoria dos procedimentos | F16: mês | G16: 24 | H16: 17340.65 | I16: =TRUNC(G16 * H16, 2) -> 416175.6 | J16: =+$L$5 -> 0.4458 | K16: =TRUNC(H16 * (1 + J16),2) -> 25071.11 | L16: =TRUNC((G16 * K16),2) -> 601706.64
B17: 2 | E17: PRODUTO 02 - ASSESSORAMENTO TÉCNICO À GESTÃO DE EXECUÇÃO DE OBRAS PÚBLICAS | I17: =SUBTOTAL(9,I18:I20) -> 3158188.1 | K17: =(H17 * (1 + J17)) -> 0 | L17: =SUBTOTAL(9,L18:L20) -> 4566107.8
B18: 2.1 | C18: 00008 | D18: Próprio | E18: Apoiar a elaboração, análise e revisão de relatórios diários de obras segundo as diretrizes da área técnica | F18: mês | G18: 24 | H18: 63180.09 | I18: =TRUNC(G18 * H18, 2) -> 1516322.2 | J18: =+$L$5 -> 0.4458 | K18: =TRUNC(H18 * (1 + J18),2) -> 91345.77 | L18: =TRUNC((G18 * K18),2) -> 2192298.5
B19: 2.2 | C19: 00009 | D19: Próprio | E19: Apoiar a elaboração, análise e revisão de relatórios de gestão de contratos de obras de infraestrutura | F19: mês | G19: 24 | H19: 40560.34 | I19: =TRUNC(G19 * H19, 2) -> 973448.16 | J19: =+$L$5 -> 0.4458 | K19: =TRUNC(H19 * (1 + J19),2) -> 58642.13 | L19: =TRUNC((G19 * K19),2) -> 1407411.1
B20: 2.3 | C20: 00010 | D20: Próprio | E20: Apoiar a elaboração e análise de medição de contratos de obras de engenharia | F20: mês | G20: 24 | H20: 27850.74 | I20: =TRUNC(G20 * H20, 2) -> 668417.76 | J20: =+$L$5 -> 0.4458 | K20: =TRUNC(H20 * (1 + J20),2) -> 40266.59 | L20: =TRUNC((G20 * K20),2) -> 966398.16
B21: 3 | E21: PRODUTO 03 - ASSESSORAMENTO TÉCNICO À ELABORAÇÃO DE PROJETOS E ORÇAMENTOS DE OBRAS | I21: =SUBTOTAL(9,I22:I27) -> 3608576.2 | K21: =(H21 * (1 + J21)) -> 0 | L21: =SUBTOTAL(9,L22:L27) -> 5217278.6
B22: 3.1 | C22: 00011 | D22: Próprio | E22: Apoiar a elaboração e análise de projetos de infraestrutura | F22: mês | G22: 24 | H22: 58448.27 | I22: =TRUNC(G22 * H22, 2) -> 1402758.5 | J22: =+$L$5 -> 0.4458 | K22: =TRUNC(H22 * (1 + J22),2) -> 84504.5 | L22: =TRUNC((G22 * K22),2) -> 2028108
B23: 3.2 | C23: 00012 | D23: Próprio | E23: Apoiar a elaboração, análise e revisão de relatórios de projetos de infraestrutura para subsidiar suas aprovações | F23: mês | G23: 24 | H23: 10375.61 | I23: =TRUNC(G23 * H23, 2) -> 249014.64 | J23: =+$L$5 -> 0.4458 | K23: =TRUNC(H23 * (1 + J23),2) -> 15001.05 | L23: =TRUNC((G23 * K23),2) -> 360025.2
B24: 3.3 | C24: 00013 | D24: Próprio | E24: Apoiar a elaboração, análise e revisão de documentação de planejamento de contratações de projetos de infraestrutura | F24: mês | G24: 24 | H24: 6225.36 | I24: =TRUNC(G24 * H24, 2) -> 149408.64 | J24: =+$L$5 -> 0.4458 | K24: =TRUNC(H24 * (1 + J24),2) -> 9000.62 | L24: =TRUNC((G24 * K24),2) -> 216014.88
B25: 3.4 | C25: 00014 | D25: Próprio | E25: Apoiar a elaboração e revisão de relatórios de análise e/ou fiscalização de projetos de infraestrutura | F25: mês | G25: 24 | H25: 55420.04 | I25: =TRUNC(G25 * H25, 2) -> 1330081 | J25: =+$L$5 -> 0.4458 | K25: =TRUNC(H25 * (1 + J25),2) -> 80126.29 | L25: =TRUNC((G25 * K25),2) -> 1923031
B26: 3.5 | C26: 00015 | D26: Próprio | E26: Apoiar a elaboração e análise de medição de contratos de projetos de engenharia | F26: mês | G26: 24 | H26: 5047.05 | I26: =TRUNC(G26 * H26, 2) -> 121129.2 | J26: =+$L$5 -> 0.4458 | K26: =TRUNC(H26 * (1 + J26),2) -> 7297.02 | L26: =TRUNC((G26 * K26),2) -> 175128.48
B27: 3.6 | C27: 00016 | D27: Próprio | E27: Apoiar a implementação da metodologia BIM (Building Information Modeling) nos projetos de infraestrutura, inclusive no apoio para elaboração de diretrizes legais que cercam o tema junto à Administração Pública | F27: mês | G27: 24 | H27: 14841.01 | I27: =TRUNC(G27 * H27, 2) -> 356184.24 | J27: =+$L$5 -> 0.4458 | K27: =TRUNC(H27 * (1 + J27),2) -> 21457.13 | L27: =TRUNC((G27 * K27),2) -> 514971.12
B28: 4 | E28: PRODUTO 04 - ASSESSORAMENTO TÉCNICO À GESTÃO DE PLANEJAMENTO HABITACIONAL | I28: =SUBTOTAL(9,I29:I33) -> 2982406.8 | K28: =(H28 * (1 + J28)) -> 0 | L28: =SUBTOTAL(9,L29:L33) -> 4311963.1
B29: 4.1 | C29: 00017 | D29: Próprio | E29: Apoiar a elaboração, análise e revisão de processos de Regularização Fundiária de Interesse Social dos imóveis urbanos de domínio do Estado de Goiás, avaliando a conveniência e oportunidade para decisão de instauração do procedimento de regularização | F29: mês | G29: 24 | H29: 16216 | I29: =TRUNC(G29 * H29, 2) -> 389184 | J29: =+$L$5 -> 0.4458 | K29: =TRUNC(H29 * (1 + J29),2) -> 23445.09 | L29: =TRUNC((G29 * K29),2) -> 562682.16
B30: 4.2 | C30: 00018 | D30: Próprio | E30: Apoiar a elaboração, análise e revisão de Programas, Planos e Relatórios de políticas públicas habitacionais de interesse social, para subsidiar decisões administrativas | F30: mês | G30: 24 | H30: 43649.86 | I30: =TRUNC(G30 * H30, 2) -> 1047596.6 | J30: =+$L$5 -> 0.4458 | K30: =TRUNC(H30 * (1 + J30),2) -> 63108.96 | L30: =TRUNC((G30 * K30),2) -> 1514615
B31: 4.3 | C31: 00019 | D31: Próprio | E31: Apoiar a elaboração, análise e revisão de documentação administrativa e técnica referente à tramitação de projetos de lei, decretos e outras normativas legais | F31: mês | G31: 24 | H31: 5047.05 | I31: =TRUNC(G31 * H31, 2) -> 121129.2 | J31: =+$L$5 -> 0.4458 | K31: =TRUNC(H31 * (1 + J31),2) -> 7297.02 | L31: =TRUNC((G31 * K31),2) -> 175128.48
B32: 4.4 | C32: 00020 | D32: Próprio | E32: Apoiar a elaboração, análise e revisão de despachos, ofícios, pareceres e demais expedientes no âmbito dos processos administrativos | F32: mês | G32: 24 | H32: 10375.61 | I32: =TRUNC(G32 * H32, 2) -> 249014.64 | J32: =+$L$5 -> 0.4458 | K32: =TRUNC(H32 * (1 + J32),2) -> 15001.05 | L32: =TRUNC((G32 * K32),2) -> 360025.2
B33: 4.5 | C33: 00021 | D33: Próprio | E33: Apoiar a elaboração, análise e revisão de estudos de viabilidade para implantação de loteamentos | F33: mês | G33: 24 | H33: 48978.43 | I33: =TRUNC(G33 * H33, 2) -> 1175482.3 | J33: =+$L$5 -> 0.4458 | K33: =TRUNC(H33 * (1 + J33),2) -> 70813.01 | L33: =TRUNC((G33 * K33),2) -> 1699512.2
B34: 5 | E34: PRODUTO 05 - ASSESSORAMENTO TÉCNICO À GESTÃO DE PLANEJAMENTO DE SANEAMENTO | I34: =SUBTOTAL(9,I35:I38) -> 2390501.8 | K34: =(H34 * (1 + J34)) -> 0 | L34: =SUBTOTAL(9,L35:L38) -> 3456187.2
B35: 5.1 | C35: 00022 | D35: Próprio | E35: Apoiar a elaboração, análise e revisão de Programas, Planos e Relatórios de políticas públicas de saneamento | F35: mês | G35: 24 | H35: 19572.5 | I35: =TRUNC(G35 * H35, 2) -> 469740 | J35: =+$L$5 -> 0.4458 | K35: =TRUNC(H35 * (1 + J35),2) -> 28297.92 | L35: =TRUNC((G35 * K35),2) -> 679150.08
B36: 5.2 | C36: 00023 | D36: Próprio | E36: Apoiar o levantamento de áreas/zonas indicadas pelo programa de saneamento, avaliando a conveniência e oportunidade para implantação do Programa de Saneamento Rural | F36: mês | G36: 24 | H36: 12221.5 | I36: =TRUNC(G36 * H36, 2) -> 293316 | J36: =+$L$5 -> 0.4458 | K36: =TRUNC(H36 * (1 + J36),2) -> 17669.84 | L36: =TRUNC((G36 * K36),2) -> 424076.16
B37: 5.3 | C37: 00024 | D37: Próprio | E37: Apoiar a elaboração e análise de estudos de prospecção e pós-prospecção de poços tubulares profundos (PTP) e poços artesianos para subsidiar a a aprovação dos estudos e a elaboração de projetos de engenharia de abastecimento de água e esgoto | F37: mês | G37: 24 | H37: 30229.62 | I37: =TRUNC(G37 * H37, 2) -> 725510.88 | J37: =+$L$5 -> 0.4458 | K37: =TRUNC(H37 * (1 + J37),2) -> 43705.98 | L37: =TRUNC((G37 * K37),2) -> 1048943.5
B38: 5.4 | C38: 00025 | D38: Próprio | E38: Apoiar a elaboração, análise e revisão de relatórios de projetos de infraestrutura de saneamento para subsidiar suas aprovações | F38: mês | G38: 24 | H38: 37580.62 | I38: =TRUNC(G38 * H38, 2) -> 901934.88 | J38: =+$L$5 -> 0.4458 | K38: =TRUNC(H38 * (1 + J38),2) -> 54334.06 | L38: =TRUNC((G38 * K38),2) -> 1304017.4
B39: 6 | E39: PRODUTO 06 - ASSESSORAMENTO TÉCNICO À GESTÃO DE CONTROLE INTERNO | G39: 1 | I39: =SUBTOTAL(9,I40:I44) -> 2242087 | K39: =(H39 * (1 + J39)) -> 0 | L39: =SUBTOTAL(9,L40:L44) -> 3241608.5
B40: 6.1 | C40: 00026 | D40: Próprio | E40: Apoiar a análise de contratos e procedimentos licitatórios, com base na legislação aplicável ao setor público | F40: mês | G40: 24 | H40: 17011.91 | I40: =TRUNC(G40 * H40, 2) -> 408285.84 | J40: =+$L$5 -> 0.4458 | K40: =TRUNC(H40 * (1 + J40),2) -> 24595.81 | L40: =TRUNC((G40 * K40),2) -> 590299.44
B41: 6.2 | C41: 00027 | D41: Próprio | E41: Apoiar a inspeção, inclusive in loco das obras contratadas | F41: mês | G41: 24 | H41: 27106.01 | I41: =TRUNC(G41 * H41, 2) -> 650544.24 | J41: =+$L$5 -> 0.4458 | K41: =TRUNC(H41 * (1 + J41),2) -> 39189.86 | L41: =TRUNC((G41 * K41),2) -> 940556.64
B42: 6.3 | C42: 00028 | D42: Próprio | E42: Apoiar a elaboração de notas técnicas, despachos e boletins com indicação de providências a serem tomadas e/ou recomendações de melhoria | F42: mês | G42: 24 | H42: 28413.76 | I42: =TRUNC(G42 * H42, 2) -> 681930.24 | J42: =+$L$5 -> 0.4458 | K42: =TRUNC(H42 * (1 + J42),2) -> 41080.61 | L42: =TRUNC((G42 * K42),2) -> 985934.64
B43: 6.4 | C43: 00029 | D43: Próprio | E43: Assessorar o escritório de compliance e apoiar a implantação da gestão de riscos e aprimoramento dos controles primários | F43: mês | G43: 24 | H43: 15704.17 | I43: =TRUNC(G43 * H43, 2) -> 376900.08 | J43: =+$L$5 -> 0.4458 | K43: =TRUNC(H43 * (1 + J43),2) -> 22705.08 | L43: =TRUNC((G43 * K43),2) -> 544921.92
B44: 6.5 | C44: 00030 | D44: Próprio | E44: Apoiar a revisão de respostas e manifestações de ouvidoria, recebidas das áreas técnicas. Apoiar a implementação de boas práticas para promoção da transparência, ouvidoria, e projetos de controle social e participação cidadã. Apoiar o monitoramento de divulgação de dados e informações nas páginas oficiais da internet. Apoiar a elaboração de planos de comunicação e divulgação | F44: mês | G44: 24 | H44: 5184.44 | I44: =TRUNC(G44 * H44, 2) -> 124426.56 | J44: =+$L$5 -> 0.4458 | K44: =TRUNC(H44 * (1 + J44),2) -> 7495.66 | L44: =TRUNC((G44 * K44),2) -> 179895.84
H46: Total sem BDI | L46: =+SUBTOTAL(9,I9:I44) -> 20869663
H47: Total do BDI | L47: =+L48-L46 -> 9303692.4
H48: Total Geral | L48: =+SUBTOTAL(9,L9:L44) -> 30173356

Sheet COMPOSIÇÕES
A1: COMPOSIÇÃO DE PREÇOS UNITÁRIOS
A3: OBJETO: | B3: ='ORÇAMENTO SINTÉTICO'!C3 -> Contratação de empresa, ou consórcio de empresas, com prática na execução de serviços técnicos especializados, de caráter subsidiário e temporário em assessoramento nas áreas de engenharia, arquitetura, jurídica e apoio na gestão de ações e projetos no âmbito da Secretaria de Estado da Infraestrutura – SEINFRA | J3: DATA: | K3: ='ORÇAMENTO SINTÉTICO'!L3 -> 10/12/2024
A4: LOCAL: | B4: ='ORÇAMENTO SINTÉTICO'!C4 -> Rua 05, n. 833, Quadra C5, Lote 23, Setor Oeste, Goiânia - GO | J4: REVISÃO: | K4: ='ORÇAMENTO SINTÉTICO'!L4 -> 00
A5: BASE: | B5: ='ORÇAMENTO SINTÉTICO'!C5 -> SINAPI - 10/2024 (GO) / SETOP - 07/2024 (MG) / SEINFRA - 028 (CE) / EMBASA - 05/2024 (BA) | H5: PRAZO : | I5: ='ORÇAMENTO SINTÉTICO'!J5 -> 24 MESES | J5: BDI OBRA: | K5: ='ORÇAMENTO SINTÉTICO'!L5 -> 0.4458
A8: Composições Principais
A9: 1.1 | B9: Código | C9: Banco | D9: Descrição | E9: Tipo | G9: Und | H9: Quant. | I9: Porcent. | J9: Valor Unit | K9: Total
A10: Composição | B10: 00001 | C10: Próprio | D10: Apoiar a elaboração, análise e revisão de normativas técnicas e administrativas; | E10: SERT - SERVIÇOS TÉCNICOS | G10: mês | H10: 1 | J10: 16448.89 | K10: 16448.89
A11: Insumo | B11: S0029 | C11: Próprio | D11: ENGENHEIRO SENIOR (adaptado da tabela de insumos do SINAPI - 40814 para atendimento ao Decreto 9900/2021) | E11: Mão de Obra | G11: MES | H11: 0.25 | J11: 25419.19 | K11: 6354.79
A12: Insumo | B12: S0030 | C12: Próprio | D12: ENGENHEIRO JUNIOR (adaptado da tabela de insumos do SINAPI - 40811 para atendimento ao Decreto 9900/2021) | E12: Mão de Obra | G12: MES | H12: 0.5 | J12: 20188.2 | K12: 10094.1
E13: MO sem LS => | F13: 16448.89 | G13: LS => | H13: 0 | I13: MO com LS => | J13: 16448.89
A15: 1.2 | B15: Código | C15: Banco | D15: Descrição | E15: Tipo | G15: Und | H15: Quant. | I15: Porcent. | J15: Valor Unit | K15: Total
A16: Composição | B16: 00002 | C16: Próprio | D16: Apoiar a elaboração, análise e revisão de Programas, Planos e Anteprojetos de infraestrutura | E16: SERT - SERVIÇOS TÉCNICOS | G16: mês | H16: 1 | J16: 16448.89 | K16: 16448.89
A17: Insumo | B17: S0029 | C17: Próprio | D17: ENGENHEIRO SENIOR (adaptado da tabela de insumos do SINAPI - 40814 para atendimento ao Decreto 9900/2021) | E17: Mão de Obra | G17: MES | H17: 0.25 | I17: 0 | J17: 25419.19 | K17: 6354.79
A18: Insumo | B18: S0030 | C18: Próprio | D18: ENGENHEIRO JUNIOR (adaptado da tabela de insumos do SINAPI - 40811 para atendimento ao Decreto 9900/2021) | E18: Mão de Obra | G18: MES | H18: 0.5 | I18: 0 | J18: 20188.2 | K18: 10094.1
E19: MO sem LS => | F19: 16448.89 | G19: LS => | H19: 0 | I19: MO com LS => | J19: 16448.89
A21: 1.3 | B21: Código | C21: Banco | D21: Descrição | E21: Tipo | G21: Und | H21: Quant. | I21: Porcent. | J21: Valor Unit | K21: Total
A22: Composição | B22: 00003 | C22: Próprio | D22: Apoiar a elaboração e análise de anteprojetos, projetos básicos e executivos de engenharia | E22: SERT - SERVIÇOS TÉCNICOS | G22: mês | H22: 1 | J22: 90452.45 | K22: 90452.45
A23: Insumo | B23: S0030 | C23: Próprio | D23: ENGENHEIRO JUNIOR (adaptado da tabela de insumos do SINAPI - 40811 para atendimento ao Decreto 9900/2021) | E23: Mão de Obra | G23: MES | H23: 1 | I23: 0 | J23: 20188.2 | K23: 20188.2
A24: Insumo | B24: S0031 | C24: Próprio | D24: ENGENHEIRO PLENO (adaptado da tabela de insumos do SINAPI - 40813 para atendimento ao Decreto 9900/2021) | E24: Mão de Obra | G24: MES | H24: 3 | I24: 0 | J24: 21314.25 | K24: 63942.75
A25: Insumo | B25: S0032 | C25: Próprio | D25: ENGENHEIRO AMBIENTAL (NÍVEL: PLENO) (adaptado da tabela de insumos do SETOP-MG - MOCO-33009 para atendimento ao Decreto 9900/2021) | E25: Mão de Obra | G25: MES | H25: 0.25 | I25: 0 | J25: 25286 | K25: 6321.5
E26: MO sem LS => | F26: 90452.45 | G26: LS => | H26: 0 | I26: MO com LS => | J26: 90452.45
A28: 1.4 | B28: Código | C28: Banco | D28: Descrição | E28: Tipo | G28: Und | H28: Quant. | I28: Porcent. | J28: Valor Unit | K28: Total
A29: Composição | B29: 00004 | C29: Próprio | D29: Apoiar a elaboração, análise e revisão de documentação de planejamento de contratações de projetos e obras de infraestrutura | E29: SERT - SERVIÇOS TÉCNICOS | G29: mês | H29: 1 | J29: 69171.49 | K29: 69171.49
A30: Insumo | B30: S0030 | C30: Próprio | D30: ENGENHEIRO JUNIOR (adaptado da tabela de insumos do SINAPI - 40811 para atendimento ao Decreto 9900/2021) | E30: Mão de Obra | G30: MES | H30: 1 | I30: 0 | J30: 20188.2 | K30: 20188.2
A31: Insumo | B31: S0031 | C31: Próprio | D31: ENGENHEIRO PLENO (adaptado da tabela de insumos do SINAPI - 40813 para atendimento ao Decreto 9900/2021) | E31: Mão de Obra | G31: MES | H31: 2 | I31: 0 | J31: 21314.25 | K31: 42628.5
A32: Insumo | B32: S0029 | C32: Próprio | D32: ENGENHEIRO SENIOR (adaptado da tabela de insumos do SINAPI - 40814 para atendimento ao Decreto 9900/2021) | E32: Mão de Obra | G32: MES | H32: 0.25 | I32: 0 | J32: 25419.19 | K32: 6354.79
E33: MO sem LS => | F33: 69171.49 | G33: LS => | H33: 0 | I33: MO com LS => | J33: 69171.49
A35: 1.5 | B35: Código | C35: Banco | D35: Descrição | E35: Tipo | G35: Und | H35: Quant. | I35: Porcent. | J35: Valor Unit | K35: Total
A36: Composição | B36: 00005 | C36: Próprio | D36: Apoiar a elaboração, análise e revisão de estudos e relatórios ambientais (EIA, RIMA, e afins) relacionados aos projetos e obras de infraestrutura | E36: SERT - SERVIÇOS TÉCNICOS | G36: mês | H36: 1 | J36: 18964.5 | K36: 18964.5
A37: Insumo | B37: S0032 | C37: Próprio | D37: ENGENHEIRO AMBIENTAL (NÍVEL: PLENO) (adaptado da tabela de insumos do SETOP-MG - MOCO-33009 para atendimento ao Decreto 9900/2021) | E37: Mão de Obra | G37: MES | H37: 0.75 | I37: 0 | J37: 25286 | K37: 18964.5
E38: MO sem LS => | F38: 18964.5 | G38: LS => | H38: 0 | I38: MO com LS => | J38: 18964.5
A40: 1.6 | B40: Código | C40: Banco | D40: Descrição | E40: Tipo | G40: Und | H40: Quant. | I40: Porcent. | J40: Valor Unit | K40: Total
A41: Composição | B41: 00006 | C41: Próprio | D41: Apoiar a elaboração, análise e revisão de Relatórios de Vistoria de obras e projetos de interesse da SEINFRA | E41: SERT - SERVIÇOS TÉCNICOS | G41: mês | H41: 1 | J41: 41502.45 | K41: 41502.45
A42: Insumo | B42: S0030 | C42: Próprio | D42: ENGENHEIRO JUNIOR (adaptado da tabela de insumos do SINAPI - 40811 para atendimento ao Decreto 9900/2021) | E42: Mão de Obra | G42: MES | H42: 1 | I42: 0 | J42: 20188.2 | K42: 20188.2
A43: Insumo | B43: S0031 | C43: Próprio | D43: ENGENHEIRO PLENO (adaptado da tabela de insumos do SINAPI - 40813 para atendimento ao Decreto 9900/2021) | E43: Mão de Obra | G43: MES | H43: 1 | I43: 0 | J43: 21314.25 | K43: 21314.25
E44: MO sem LS => | F44: 41502.45 | G44: LS => | H44: 0 | I44: MO com LS => | J44: 41502.45
A46: 1.7 | B46: Código | C46: Banco | D46: Descrição | E46: Tipo | G46: Und | H46: Quant. | I46: Porcent. | J46: Valor Unit | K46: Total
A47: Composição | B47: 00007 | C47: Próprio | D47: Apoiar a gestão de documentos e informações dos processos internos afim de subsidiar a retroalimentação e melhoria dos procedimentos | E47: SERT - SERVIÇOS TÉCNICOS | G47: mês | H47: 1 | J47: 17340.65 | K47: 17340.65
A48: Insumo | B48: S0029 | C48: Próprio | D48: ENGENHEIRO SENIOR (adaptado da tabela de insumos do SINAPI - 40814 para atendimento ao Decreto 9900/2021) | E48: Mão de Obra | G48: MES | H48: 0.25 | I48: 0 | J48: 25419.19 | K48: 6354.79
A49: Insumo | B49: S0028 | C49: Próprio | D49: TECNÓLOGO | E49: Mão de Obra | G49: MES | H49: 1 | J49: 10985.86 | K49: 10985.86
E50: MO sem LS => | F50: 17340.65 | G50: LS => | H50: 0 | I50: MO com LS => | J50: 17340.65
A52: 2.1 | B52: Código | C52: Banco | D52: Descrição | E52: Tipo | G52: Und | H52: Quant. | I52: Porcent. | J52: Valor Unit | K52: Total
A53: Composição | B53: 00008 | C53: Próprio | D53: Apoiar a elaboração, análise e revisão de relatórios diários de obras segundo as diretrizes da área técnica | E53: SERT - SERVIÇOS TÉCNICOS | G53: mês | H53: 1 | J53: 63180.09 | K53: 63180.09
A54: Insumo | B54: S0030 | C54: Próprio | D54: ENGENHEIRO JUNIOR (adaptado da tabela de insumos do SINAPI - 40811 para atendimento ao Decreto 9900/2021) | E54: Mão de Obra | G54: MES | H54: 2.5 | I54: 0 | J54: 20188.2 | K54: 50470.5
A55: Insumo | B55: S0029 | C55: Próprio | D55: ENGENHEIRO SENIOR (adaptado da tabela de insumos do SINAPI - 40814 para atendimento ao Decreto 9900/2021) | E55: Mão de Obra | G55: MES | H55: 0.5 | I55: 0 | J55: 25419.19 | K55: 12709.59
E56: MO sem LS => | F56: 63180.09 | G56: LS => | H56: 0 | I56: MO com LS => | J56: 63180.09
A58: 2.2 | B58: Código | C58: Banco | D58: Descrição | E58: Tipo | G58: Und | H58: Quant. | I58: Porcent. | J58: Valor Unit | K58: Total
A59: Composição | B59: 00009 | C59: Próprio | D59: Apoiar a elaboração, análise e revisão de relatórios de gestão de contratos de obras de infraestrutura | E59: SERT - SERVIÇOS TÉCNICOS | G59: mês | H59: 1 | J59: 40560.34 | K59: 40560.34
A60: Insumo | B60: S0030 | C60: Próprio | D60: ENGENHEIRO JUNIOR (adaptado da tabela de insumos do SINAPI - 40811 para atendimento ao Decreto 9900/2021) | E60: Mão de Obra | G60: MES | H60: 0.75 | I60: 0 | J60: 20188.2 | K60: 15141.15
A61: Insumo | B61: S0029 | C61: Próprio | D61: ENGENHEIRO SENIOR (adaptado da tabela de insumos do SINAPI - 40814 para atendimento ao Decreto 9900/2021) | E61: Mão de Obra | G61: MES | H61: 1 | I61: 0 | J61: 25419.19 | K61: 25419.19
E62: MO sem LS => | F62: 40560.34 | G62: LS => | H62: 0 | I62: MO com LS => | J62: 40560.34
A64: 2.3 | B64: Código | C64: Banco | D64: Descrição | E64: Tipo | G64: Und | H64: Quant. | I64: Porcent. | J64: Valor Unit | K64: Total
A65: Composição | B65: 00010 | C65: Próprio | D65: Apoiar a elaboração e análise de medição de contratos de obras de engenharia | E65: SERT - SERVIÇOS TÉCNICOS | G65: mês | H65: 1 | J65: 27850.74 | K65: 27850.74
A66: Insumo | B66: S0030 | C66: Próprio | D66: ENGENHEIRO JUNIOR (adaptado da tabela de insumos do SINAPI - 40811 para atendimento ao Decreto 9900/2021) | E66: Mão de Obra | G66: MES | H66: 0.75 | I66: 0 | J66: 20188.2 | K66: 15141.15
A67: Insumo | B67: S0029 | C67: Próprio | D67: ENGENHEIRO SENIOR (adaptado da tabela de insumos do SINAPI - 40814 para atendimento ao Decreto 9900/2021) | E67: Mão de Obra | G67: MES | H67: 0.5 | I67: 0 | J67: 25419.19 | K67: 12709.59
E68: MO sem LS => | F68: 27850.74 | G68: LS => | H68: 0 | I68: MO com LS => | J68: 27850.74
A70: 3.1 | B70: Código | C70: Banco | D70: Descrição | E70: Tipo | G70: Und | H70: Quant. | I70: Porcent. | J70: Valor Unit | K70: Total
A71: Composição | B71: 00011 | C71: Próprio | D71: Apoiar a elaboração e análise de projetos de infraestrutura | E71: SERT - SERVIÇOS TÉCNICOS | G71: mês | H71: 1 | J71: 58448.27 | K71: 58448.27
A72: Insumo | B72: S0025 | C72: Próprio | D72: ENGENHEIRO ELETRICISTA PLENO (MENSALISTA). (ADAPTADO DE SINAPI 00040813) | E72: Mão de Obra | G72: MES | H72: 0.5 | I72: 0 | J72: 21314.25 | K72: 10657.12
A73: Insumo | B73: S0024 | C73: Próprio | D73: ENGENHEIRO MECÂNICO PLENO (MENSALISTA). (ADAPTADO DE SINAPI 00040813) | E73: Mão de Obra | G73: MES | H73: 0.5 | I73: 0 | J73: 21314.25 | K73: 10657.12
A74: Insumo | B74: 00040816 | C74: SINAPI | D74: ARQUITETO PLENO (MENSALISTA) | E74: Mão de Obra | G74: MES | H74: 0.5 | I74: 0 | J74: 20992.18 | K74: 10496.09
A75: Insumo | B75: S0029 | C75: Próprio | D75: ENGENHEIRO SENIOR (adaptado da tabela de insumos do SINAPI - 40814 para atendimento ao Decreto 9900/2021) | E75: Mão de Obra | G75: MES | H75: 0.25 | I75: 0 | J75: 25419.19 | K75: 6354.79
A76: Insumo | B76: S0031 | C76: Próprio | D76: ENGENHEIRO PLENO (adaptado da tabela de insumos do SINAPI - 40813 para atendimento ao Decreto 9900/2021) | E76: Mão de Obra | G76: MES | H76: 0.25 | I76: 0 | J76: 21314.25 | K76: 5328.56
A77: Insumo | B77: S0030 | C77: Próprio | D77: ENGENHEIRO JUNIOR (adaptado da tabela de insumos do SINAPI - 40811 para atendimento ao Decreto 9900/2021) | E77: Mão de Obra | G77: MES | H77: 0.25 | I77: 0 | J77: 20188.2 | K77: 5047.05
A78: Insumo | B78: 00040815 | C78: SINAPI | D78: ARQUITETO JUNIOR (MENSALISTA) | E78: Mão de Obra | G78: MES | H78: 0.5 | J78: 19815.08 | K78: 9907.54
E79: MO sem LS => | F79: 58448.27 | G79: LS => | H79: 0 | I79: MO com LS => | J79: 58448.27
A81: 3.2 | B81: Código | C81: Banco | D81: Descrição | E81: Tipo | G81: Und | H81: Quant. | I81: Porcent. | J81: Valor Unit | K81: Total
A82: Composição | B82: 00012 | C82: Próprio | D82: Apoiar a elaboração, análise e revisão de relatórios de projetos de infraestrutura para subsidiar suas aprovações | E82: SERT - SERVIÇOS TÉCNICOS | G82: mês | H82: 1 | J82: 10375.61 | K82: 10375.61
A83: Insumo | B83: S0031 | C83: Próprio | D83: ENGENHEIRO PLENO (adaptado da tabela de insumos do SINAPI - 40813 para atendimento ao Decreto 9900/2021) | E83: Mão de Obra | G83: MES | H83: 0.25 | I83: 0 | J83: 21314.25 | K83: 5328.56
A84: Insumo | B84: S0030 | C84: Próprio | D84: ENGENHEIRO JUNIOR (adaptado da tabela de insumos do SINAPI - 40811 para atendimento ao Decreto 9900/2021) | E84: Mão de Obra | G84: MES | H84: 0.25 | I84: 0 | J84: 20188.2 | K84: 5047.05
E85: MO sem LS => | F85: 10375.61 | G85: LS => | H85: 0 | I85: MO com LS => | J85: 10375.61
A87: 3.3 | B87: Código | C87: Banco | D87: Descrição | E87: Tipo | G87: Und | H87: Quant. | I87: Porcent. | J87: Valor Unit | K87: Total
A88: Composição | B88: 00013 | C88: Próprio | D88: Apoiar a elaboração, análise e revisão de documentação de planejamento de contratações de projetos de infraestrutura | E88: SERT - SERVIÇOS TÉCNICOS | G88: mês | H88: 1 | J88: 6225.36 | K88: 6225.36
A89: Insumo | B89: S0031 | C89: Próprio | D89: ENGENHEIRO PLENO (adaptado da tabela de insumos do SINAPI - 40813 para atendimento ao Decreto 9900/2021) | E89: Mão de Obra | G89: MES | H89: 0.15 | I89: 0 | J89: 21314.25 | K89: 3197.13
A90: Insumo | B90: S0030 | C90: Próprio | D90: ENGENHEIRO JUNIOR (adaptado da tabela de insumos do SINAPI - 40811 para atendimento ao Decreto 9900/2021) | E90: Mão de Obra | G90: MES | H90: 0.15 | I90: 0 | J90: 20188.2 | K90: 3028.23
E91: MO sem LS => | F91: 6225.36 | G91: LS => | H91: 0 | I91: MO com LS => | J91: 6225.36
A93: 3.4 | B93: Código | C93: Banco | D93: Descrição | E93: Tipo | G93: Und | H93: Quant. | I93: Porcent. | J93: Valor Unit | K93: Total
A94: Composição | B94: 00014 | C94: Próprio | D94: Apoiar a elaboração e revisão de relatórios de análise e/ou fiscalização de projetos de infraestrutura | E94: SERT - SERVIÇOS TÉCNICOS | G94: mês | H94: 1 | J94: 55420.04 | K94: 55420.04
A95: Insumo | B95: S0025 | C95: Próprio | D95: ENGENHEIRO ELETRICISTA PLENO (MENSALISTA). (ADAPTADO DE SINAPI 00040813) | E95: Mão de Obra | G95: MES | H95: 0.5 | I95: 0 | J95: 21314.25 | K95: 10657.12
A96: Insumo | B96: S0024 | C96: Próprio | D96: ENGENHEIRO MECÂNICO PLENO (MENSALISTA). (ADAPTADO DE SINAPI 00040813) | E96: Mão de Obra | G96: MES | H96: 0.5 | I96: 0 | J96: 21314.25 | K96: 10657.12
A97: Insumo | B97: 00040816 | C97: SINAPI | D97: ARQUITETO PLENO (MENSALISTA) | E97: Mão de Obra | G97: MES | H97: 0.5 | I97: 0 | J97: 20992.18 | K97: 10496.09
A98: Insumo | B98: S0029 | C98: Próprio | D98: ENGENHEIRO SENIOR (adaptado da tabela de insumos do SINAPI - 40814 para atendimento ao Decreto 9900/2021) | E98: Mão de Obra | G98: MES | H98: 0.25 | I98: 0 | J98: 25419.19 | K98: 6354.79
A99: Insumo | B99: S0031 | C99: Próprio | D99: ENGENHEIRO PLENO (adaptado da tabela de insumos do SINAPI - 40813 para atendimento ao Decreto 9900/2021) | E99: Mão de Obra | G99: MES | H99: 0.25 | I99: 0 | J99: 21314.25 | K99: 5328.56
A100: Insumo | B100: S0030 | C100: Próprio | D100: ENGENHEIRO JUNIOR (adaptado da tabela de insumos do SINAPI - 40811 para atendimento ao Decreto 9900/2021) | E100: Mão de Obra | G100: MES | H100: 0.1 | I100: 0 | J100: 20188.2 | K100: 2018.82
A101: Insumo | B101: 00040815 | C101: SINAPI | D101: ARQUITETO JUNIOR (MENSALISTA) | E101: Mão de Obra | G101: MES | H101: 0.5 | J101: 19815.08 | K101: 9907.54
E102: MO sem LS => | F102: 55420.04 | G102: LS => | H102: 0 | I102: MO com LS => | J102: 55420.04
A104: 3.5 | B104: Código | C104: Banco | D104: Descrição | E104: Tipo | G104: Und | H104: Quant. | I104: Porcent. | J104: Valor Unit | K104: Total
A105: Composição | B105: 00015 | C105: Próprio | D105: Apoiar a elaboração e análise de medição de contratos de projetos de engenharia | E105: SERT - SERVIÇOS TÉCNICOS | G105: mês | H105: 1 | J105: 5047.05 | K105: 5047.05
A106: Insumo | B106: S0030 | C106: Próprio | D106: ENGENHEIRO JUNIOR (adaptado da tabela de insumos do SINAPI - 40811 para atendimento ao Decreto 9900/2021) | E106: Mão de Obra | G106: MES | H106: 0.25 | I106: 0 | J106: 20188.2 | K106: 5047.05
E107: MO sem LS => | F107: 5047.05 | G107: LS => | H107: 0 | I107: MO com LS => | J107: 5047.05
A109: 3.6 | B109: Código | C109: Banco | D109: Descrição | E109: Tipo | G109: Und | H109: Quant. | I109: Porcent. | J109: Valor Unit | K109: Total
A110: Composição | B110: 00016 | C110: Próprio | D110: Apoiar a implementação da metodologia BIM (Building Information Modeling) nos projetos de infraestrutura, inclusive no apoio para elaboração de diretrizes legais que cercam o tema junto à Administração Pública | E110: SERT - SERVIÇOS TÉCNICOS | G110: mês | H110: 1 | J110: 14841.01 | K110: 14841.01
A111: Insumo | B111: S0029 | C111: Próprio | D111: ENGENHEIRO SENIOR (adaptado da tabela de insumos do SINAPI - 40814 para atendimento ao Decreto 9900/2021) | E111: Mão de Obra | G111: MES | H111: 0.5 | I111: 0 | J111: 25419.19 | K111: 12709.59
A112: Insumo | B112: S0031 | C112: Próprio | D112: ENGENHEIRO PLENO (adaptado da tabela de insumos do SINAPI - 40813 para atendimento ao Decreto 9900/2021) | E112: Mão de Obra | G112: MES | H112: 0.1 | I112: 0 | J112: 21314.25 | K112: 2131.42
E113: MO sem LS => | F113: 14841.01 | G113: LS => | H113: 0 | I113: MO com LS => | J113: 14841.01
A115: 4.1 | B115: Código | C115: Banco | D115: Descrição | E115: Tipo | G115: Und | H115: Quant. | I115: Porcent. | J115: Valor Unit | K115: Total
A116: Composição | B116: 00017 | C116: Próprio | D116: Apoiar a elaboração, análise e revisão de processos de Regularização Fundiária de Interesse Social dos imóveis urbanos de domínio do Estado de Goiás, avaliando a conveniência e oportunidade para decisão de instauração do procedimento de regularização | E116: SERT - SERVIÇOS TÉCNICOS | G116: mês | H116: 1 | J116: 16216 | K116: 16216
A117: Insumo | B117: S0033 | C117: Próprio | D117: ADVOGADO (NÍVEL: SÊNIOR) (adaptado da tabela de insumos do SETOP-MG - MOCO-32986 para atendimento ao Decreto 9900/2021) | E117: Mão de Obra | G117: MES | H117: 0.5 | I117: 0 | J117: 20430 | K117: 10215
A118: Insumo | B118: S0034 | C118: Próprio | D118: ADVOGADO (NÍVEL: PLENO) (adaptado da tabela de insumos do SETOP-MG - MOCO-32985 para atendimento ao Decreto 9900/2021) | E118: Mão de Obra | G118: MES | H118: 0.5 | I118: 0 | J118: 12002 | K118: 6001
E119: MO sem LS => | F119: 16216 | G119: LS => | H119: 0 | I119: MO com LS => | J119: 16216
...

Sheet CRONOGRAMA
B1: CRONOGRAMA FISICO-FINANCEIRO
B8: OBJETO: | C8: =COMPOSIÇÕES!B3 -> Contratação de empresa, ou consórcio de empresas, com prática na execução de serviços técnicos especializados, de caráter subsidiário e temporário em assessoramento nas áreas de engenharia, arquitetura, jurídica e apoio na gestão de ações e projetos no âmbito da Secretaria de Estado da Infraestrutura – SEINFRA | CS8: DATA: | CT8: =COMPOSIÇÕES!K3 -> 10/12/2024
B9: LOCAL: | C9: =COMPOSIÇÕES!B4 -> Rua 05, n. 833, Quadra C5, Lote 23, Setor Oeste, Goiânia - GO | CS9: REVISÃO: | CT9: =COMPOSIÇÕES!K4 -> 00
B11: ITEM | C11: SERVIÇO | D11: VALORES | E11: MESES
E12: MÊS 01 | I12: MÊS 02 | M12: MÊS 03 | Q12: MÊS 04 | U12: MÊS 05 | Y12: MÊS 06 | AC12: MÊS 07 | AG12: MÊS 08 | AK12: MÊS 09 | AO12: MÊS 10 | AS12: MÊS 11 | AW12: MÊS 12 | BA12: MÊS 13 | BE12: MÊS 14 | BI12: MÊS 15 | BM12: MÊS 16 | BQ12: MÊS 17 | BU12: MÊS 18 | BY12: MÊS 19 | CC12: MÊS 20 | CG12: MÊS 21 | CK12: MÊS 22 | CO12: MÊS 23 | CS12: MÊS 24
B14: ='ORÇAMENTO RESUMO'!B9 -> 1 | C14: ='ORÇAMENTO RESUMO'!E9 -> PRODUTO 01 - ASSESSORAMENTO TÉCNICO À GESTÃO DE PLANEJAMENTO DE OBRAS PÚBLICAS | D14: ='ORÇAMENTO RESUMO'!K9 -> 9380210.6 | E14: =E16*$D14 -> 390842.11 | I14: =I16*$D14 -> 390842.11 | M14: =M16*$D14 -> 390842.11 | Q14: =Q16*$D14 -> 390842.11 | U14: =U16*$D14 -> 390842.11 | Y14: =Y16*$D14 -> 390842.11 | AC14: =AC16*$D14 -> 390842.11 | AG14: =AG16*$D14 -> 390842.11 | AK14: =AK16*$D14 -> 390842.11 | AO14: =AO16*$D14 -> 390842.11 | AS14: =AS16*$D14 -> 390842.11 | AW14: =AW16*$D14 -> 390842.11 | BA14: =BA16*$D14 -> 390842.11 | BE14: =BE16*$D14 -> 390842.11 | BI14: =BI16*$D14 -> 390842.11 | BM14: =BM16*$D14 -> 390842.11 | BQ14: =BQ16*$D14 -> 390842.11 | BU14: =BU16*$D14 -> 390842.11 | BY14: =BY16*$D14 -> 390842.11 | CC14: =CC16*$D14 -> 390842.11 | CG14: =CG16*$D14 -> 390842.11 | CK14: =CK16*$D14 -> 390842.11 | CO14: =CO16*$D14 -> 390842.11 | CS14: =CS16*$D14 -> 390842.11
D16: =D14/$D$32 -> 0.31087727 | E16: 0.041666667 | I16: 0.041666667 | M16: 0.041666667 | Q16: 0.041666667 | U16: 0.041666667 | Y16: 0.041666667 | AC16: 0.041666667 | AG16: 0.041666667 | AK16: 0.041666667 | AO16: 0.041666667 | AS16: 0.041666667 | AW16: 0.041666667 | BA16: 0.041666667 | BE16: 0.041666667 | BI16: 0.041666667 | BM16: 0.041666667 | BQ16: 0.041666667 | BU16: 0.041666667 | BY16: 0.041666667 | CC16: 0.041666667 | CG16: 0.041666667 | CK16: 0.041666667 | CO16: 0.041666667 | CS16: 0.041666667
B17: ='ORÇAMENTO RESUMO'!B10 -> 2 | C17: ='ORÇAMENTO RESUMO'!E10 -> PRODUTO 02 - ASSESSORAMENTO TÉCNICO À GESTÃO DE EXECUÇÃO DE OBRAS PÚBLICAS | D17: ='ORÇAMENTO RESUMO'!K10 -> 4566107.8 | E17: =E19*$D17 -> 190254.49 | I17: =I19*$D17 -> 190254.49 | M17: =M19*$D17 -> 190254.49 | Q17: =Q19*$D17 -> 190254.49 | U17: =U19*$D17 -> 190254.49 | Y17: =Y19*$D17 -> 190254.49 | AC17: =AC19*$D17 -> 190254.49 | AG17: =AG19*$D17 -> 190254.49 | AK17: =AK19*$D17 -> 190254.49 | AO17: =AO19*$D17 -> 190254.49 | AS17: =AS19*$D17 -> 190254.49 | AW17: =AW19*$D17 -> 190254.49 | BA17: =BA19*$D17 -> 190254.49 | BE17: =BE19*$D17 -> 190254.49 | BI17: =BI19*$D17 -> 190254.49 | BM17: =BM19*$D17 -> 190254.49 | BQ17: =BQ19*$D17 -> 190254.49 | BU17: =BU19*$D17 -> 190254.49 | BY17: =BY19*$D17 -> 190254.49 | CC17: =CC19*$D17 -> 190254.49 | CG17: =CG19*$D17 -> 190254.49 | CK17: =CK19*$D17 -> 190254.49 | CO17: =CO19*$D17 -> 190254.49 | CS17: =CS19*$D17 -> 190254.49
D19: =D17/$D$32 -> 0.15132913 | E19: =E16 -> 0.041666667 | I19: =I16 -> 0.041666667 | M19: =M16 -> 0.041666667 | Q19: =Q16 -> 0.041666667 | U19: =U16 -> 0.041666667 | Y19: =Y16 -> 0.041666667 | AC19: =AC16 -> 0.041666667 | AG19: =AG16 -> 0.041666667 | AK19: =AK16 -> 0.041666667 | AO19: =AO16 -> 0.041666667 | AS19: =AS16 -> 0.041666667 | AW19: =AW16 -> 0.041666667 | BA19: =BA16 -> 0.041666667 | BE19: =BE16 -> 0.041666667 | BI19: =BI16 -> 0.041666667 | BM19: =BM16 -> 0.041666667 | BQ19: =BQ16 -> 0.041666667 | BU19: =BU16 -> 0.041666667 | BY19: =BY16 -> 0.041666667 | CC19: =CC16 -> 0.041666667 | CG19: =CG16 -> 0.041666667 | CK19: =CK16 -> 0.041666667 | CO19: =CO16 -> 0.041666667 | CS19: =CS16 -> 0.041666667
B20: ='ORÇAMENTO RESUMO'!B11 -> 3 | C20: ='ORÇAMENTO RESUMO'!E11 -> PRODUTO 03 - ASSESSORAMENTO TÉCNICO À ELABORAÇÃO DE PROJETOS E ORÇAMENTOS DE OBRAS | D20: ='ORÇAMENTO RESUMO'!K11 -> 5217278.6 | E20: =E22*$D20 -> 217386.61 | I20: =I22*$D20 -> 217386.61 | M20: =M22*$D20 -> 217386.61 | Q20: =Q22*$D20 -> 217386.61 | U20: =U22*$D20 -> 217386.61 | Y20: =Y22*$D20 -> 217386.61 | AC20: =AC22*$D20 -> 217386.61 | AG20: =AG22*$D20 -> 217386.61 | AK20: =AK22*$D20 -> 217386.61 | AO20: =AO22*$D20 -> 217386.61 | AS20: =AS22*$D20 -> 217386.61 | AW20: =AW22*$D20 -> 217386.61 | BA20: =BA22*$D20 -> 217386.61 | BE20: =BE22*$D20 -> 217386.61 | BI20: =BI22*$D20 -> 217386.61 | BM20: =BM22*$D20 -> 217386.61 | BQ20: =BQ22*$D20 -> 217386.61 | BU20: =BU22*$D20 -> 217386.61 | BY20: =BY22*$D20 -> 217386.61 | CC20: =CC22*$D20 -> 217386.61 | CG20: =CG22*$D20 -> 217386.61 | CK20: =CK22*$D20 -> 217386.61 | CO20: =CO22*$D20 -> 217386.61 | CS20: =CS22*$D20 -> 217386.61
D22: =D20/$D$32 -> 0.17291012 | E22: =E19 -> 0.041666667 | I22: =I19 -> 0.041666667 | M22: =M19 -> 0.041666667 | Q22: =Q19 -> 0.041666667 | U22: =U19 -> 0.041666667 | Y22: =Y19 -> 0.041666667 | AC22: =AC19 -> 0.041666667 | AG22: =AG19 -> 0.041666667 | AK22: =AK19 -> 0.041666667 | AO22: =AO19 -> 0.041666667 | AS22: =AS19 -> 0.041666667 | AW22: =AW19 -> 0.041666667 | BA22: =BA19 -> 0.041666667 | BE22: =BE19 -> 0.041666667 | BI22: =BI19 -> 0.041666667 | BM22: =BM19 -> 0.041666667 | BQ22: =BQ19 -> 0.041666667 | BU22: =BU19 -> 0.041666667 | BY22: =BY19 -> 0.041666667 | CC22: =CC19 -> 0.041666667 | CG22: =CG19 -> 0.041666667 | CK22: =CK19 -> 0.041666667 | CO22: =CO19 -> 0.041666667 | CS22: =CS19 -> 0.041666667
B23: ='ORÇAMENTO RESUMO'!B12 -> 4 | C23: ='ORÇAMENTO RESUMO'!E12 -> PRODUTO 04 - ASSESSORAMENTO TÉCNICO À GESTÃO DE PLANEJAMENTO HABITACIONAL | D23: ='ORÇAMENTO RESUMO'!K12 -> 4311963.1 | E23: =E25*$D23 -> 179665.13 | I23: =I25*$D23 -> 179665.13 | M23: =M25*$D23 -> 179665.13 | Q23: =Q25*$D23 -> 179665.13 | U23: =U25*$D23 -> 179665.13 | Y23: =Y25*$D23 -> 179665.13 | AC23: =AC25*$D23 -> 179665.13 | AG23: =AG25*$D23 -> 179665.13 | AK23: =AK25*$D23 -> 179665.13 | AO23: =AO25*$D23 -> 179665.13 | AS23: =AS25*$D23 -> 179665.13 | AW23: =AW25*$D23 -> 179665.13 | BA23: =BA25*$D23 -> 179665.13 | BE23: =BE25*$D23 -> 179665.13 | BI23: =BI25*$D23 -> 179665.13 | BM23: =BM25*$D23 -> 179665.13 | BQ23: =BQ25*$D23 -> 179665.13 | BU23: =BU25*$D23 -> 179665.13 | BY23: =BY25*$D23 -> 179665.13 | CC23: =CC25*$D23 -> 179665.13 | CG23: =CG25*$D23 -> 179665.13 | CK23: =CK25*$D23 -> 179665.13 | CO23: =CO25*$D23 -> 179665.13 | CS23: =CS25*$D23 -> 179665.13
D25: =D23/$D$32 -> 0.14290632 | E25: =E22 -> 0.041666667 | I25: =I22 -> 0.041666667 | M25: =M22 -> 0.041666667 | Q25: =Q22 -> 0.041666667 | U25: =U22 -> 0.041666667 | Y25: =Y22 -> 0.041666667 | AC25: =AC22 -> 0.041666667 | AG25: =AG22 -> 0.041666667 | AK25: =AK22 -> 0.041666667 | AO25: =AO22 -> 0.041666667 | AS25: =AS22 -> 0.041666667 | AW25: =AW22 -> 0.041666667 | BA25: =BA22 -> 0.041666667 | BE25: =BE22 -> 0.041666667 | BI25: =BI22 -> 0.041666667 | BM25: =BM22 -> 0.041666667 | BQ25: =BQ22 -> 0.041666667 | BU25: =BU22 -> 0.041666667 | BY25: =BY22 -> 0.041666667 | CC25: =CC22 -> 0.041666667 | CG25: =CG22 -> 0.041666667 | CK25: =CK22 -> 0.041666667 | CO25: =CO22 -> 0.041666667 | CS25: =CS22 -> 0.041666667
B26: ='ORÇAMENTO RESUMO'!B13 -> 5 | C26: ='ORÇAMENTO RESUMO'!E13 -> PRODUTO 05 - ASSESSORAMENTO TÉCNICO À GESTÃO DE PLANEJAMENTO DE SANEAMENTO | D26: ='ORÇAMENTO RESUMO'!K13 -> 3456187.2 | E26: =E28*$D26 -> 144007.8 | I26: =I28*$D26 -> 144007.8 | M26: =M28*$D26 -> 144007.8 | Q26: =Q28*$D26 -> 144007.8 | U26: =U28*$D26 -> 144007.8 | Y26: =Y28*$D26 -> 144007.8 | AC26: =AC28*$D26 -> 144007.8 | AG26: =AG28*$D26 -> 144007.8 | AK26: =AK28*$D26 -> 144007.8 | AO26: =AO28*$D26 -> 144007.8 | AS26: =AS28*$D26 -> 144007.8 | AW26: =AW28*$D26 -> 144007.8 | BA26: =BA28*$D26 -> 144007.8 | BE26: =BE28*$D26 -> 144007.8 | BI26: =BI28*$D26 -> 144007.8 | BM26: =BM28*$D26 -> 144007.8 | BQ26: =BQ28*$D26 -> 144007.8 | BU26: =BU28*$D26 -> 144007.8 | BY26: =BY28*$D26 -> 144007.8 | CC26: =CC28*$D26 -> 144007.8 | CG26: =CG28*$D26 -> 144007.8 | CK26: =CK28*$D26 -> 144007.8 | CO26: =CO28*$D26 -> 144007.8 | CS26: =CS28*$D26 -> 144007.8
D28: =D26/$D$32 -> 0.11454434 | E28: =E25 -> 0.041666667 | I28: =I25 -> 0.041666667 | M28: =M25 -> 0.041666667 | Q28: =Q25 -> 0.041666667 | U28: =U25 -> 0.041666667 | Y28: =Y25 -> 0.041666667 | AC28: =AC25 -> 0.041666667 | AG28: =AG25 -> 0.041666667 | AK28: =AK25 -> 0.041666667 | AO28: =AO25 -> 0.041666667 | AS28: =AS25 -> 0.041666667 | AW28: =AW25 -> 0.041666667 | BA28: =BA25 -> 0.041666667 | BE28: =BE25 -> 0.041666667 | BI28: =BI25 -> 0.041666667 | BM28: =BM25 -> 0.041666667 | BQ28: =BQ25 -> 0.041666667 | BU28: =BU25 -> 0.041666667 | BY28: =BY25 -> 0.041666667 | CC28: =CC25 -> 0.041666667 | CG28: =CG25 -> 0.041666667 | CK28: =CK25 -> 0.041666667 | CO28: =CO25 -> 0.041666667 | CS28: =CS25 -> 0.041666667
B29: ='ORÇAMENTO RESUMO'!B14 -> 6 | C29: ='ORÇAMENTO RESUMO'!E14 -> PRODUTO 06 - ASSESSORAMENTO TÉCNICO À GESTÃO DE CONTROLE INTERNO | D29: ='ORÇAMENTO RESUMO'!K14 -> 3241608.5 | E29: =E31*$D29 -> 135067.02 | I29: =I31*$D29 -> 135067.02 | M29: =M31*$D29 -> 135067.02 | Q29: =Q31*$D29 -> 135067.02 | U29: =U31*$D29 -> 135067.02 | Y29: =Y31*$D29 -> 135067.02 | AC29: =AC31*$D29 -> 135067.02 | AG29: =AG31*$D29 -> 135067.02 | AK29: =AK31*$D29 -> 135067.02 | AO29: =AO31*$D29 -> 135067.02 | AS29: =AS31*$D29 -> 135067.02 | AW29: =AW31*$D29 -> 135067.02 | BA29: =BA31*$D29 -> 135067.02 | BE29: =BE31*$D29 -> 135067.02 | BI29: =BI31*$D29 -> 135067.02 | BM29: =BM31*$D29 -> 135067.02 | BQ29: =BQ31*$D29 -> 135067.02 | BU29: =BU31*$D29 -> 135067.02 | BY29: =BY31*$D29 -> 135067.02 | CC29: =CC31*$D29 -> 135067.02 | CG29: =CG31*$D29 -> 135067.02 | CK29: =CK31*$D29 -> 135067.02 | CO29: =CO31*$D29 -> 135067.02 | CS29: =CS31*$D29 -> 135067.02
D31: =D29/$D$32 -> 0.10743281 | E31: =E28 -> 0.041666667 | I31: =I28 -> 0.041666667 | M31: =M28 -> 0.041666667 | Q31: =Q28 -> 0.041666667 | U31: =U28 -> 0.041666667 | Y31: =Y28 -> 0.041666667 | AC31: =AC28 -> 0.041666667 | AG31: =AG28 -> 0.041666667 | AK31: =AK28 -> 0.041666667 | AO31: =AO28 -> 0.041666667 | AS31: =AS28 -> 0.041666667 | AW31: =AW28 -> 0.041666667 | BA31: =BA28 -> 0.041666667 | BE31: =BE28 -> 0.041666667 | BI31: =BI28 -> 0.041666667 | BM31: =BM28 -> 0.041666667 | BQ31: =BQ28 -> 0.041666667 | BU31: =BU28 -> 0.041666667 | BY31: =BY28 -> 0.041666667 | CC31: =CC28 -> 0.041666667 | CG31: =CG28 -> 0.041666667 | CK31: =CK28 -> 0.041666667 | CO31: =CO28 -> 0.041666667 | CS31: =CS28 -> 0.041666667
C32: TOTAL SIMPLES COM BDI | D32: =SUM(D29,D26,D23,D20,D17,D14) -> 30173356 | E32: =SUM(E29,E26,E23,E20,E17,E14) -> 1257223.2 | F32: =SUM(#REF!,#REF!,#REF!,#REF!,#REF!,#REF!,#REF!,#REF!,#REF!,#REF!,#REF!,#REF!,#REF!,#REF!,#REF!,#REF!,#REF!,F29,F26,F23,F20,F17,F14) -> #REF! | G32: =SUM(#REF!,#REF!,#REF!,#REF!,#REF!,#REF!,#REF!,#REF!,#REF!,#REF!,#REF!,#REF!,#REF!,#REF!,#REF!,#REF!,#REF!,G29,G26,G23,G20,G17,G14) -> #REF! | H32: =SUM(#REF!,#REF!,#REF!,#REF!,#REF!,#REF!,#REF!,#REF!,#REF!,#REF!,#REF!,#REF!,#REF!,#REF!,#REF!,#REF!,#REF!,H29,H26,H23,H20,H17,H14) -> #REF! | I32: =SUM(I29,I26,I23,I20,I17,I14) -> 1257223.2 | J32: =SUM(#REF!,#REF!,#REF!,#REF!,#REF!,#REF!,#REF!,#REF!,#REF!,#REF!,#REF!,#REF!,#REF!,#REF!,#REF!,#REF!,#REF!,J29,J26,J23,J20,J17,J14) -> #REF! | K32: =SUM(#REF!,#REF!,#REF!,#REF!,#REF!,#REF!,#REF!,#REF!,#REF!,#REF!,#REF!,#REF!,#REF!,#REF!,#REF!,#REF!,#REF!,K29,K26,K23,K20,K17,K14) -> #REF! | L32: =SUM(#REF!,#REF!,#REF!,#REF!,#REF!,#REF!,#REF!,#REF!,#REF!,#REF!,#REF!,#REF!,#REF!,#REF!,#REF!,#REF!,#REF!,L29,L26,L23,L20,L17,L14) -> #REF! | M32: =SUM(M29,M26,M23,M20,M17,M14) -> 1257223.2 | N32: =SUM(#REF!,#REF!,#REF!,#REF!,#REF!,#REF!,#REF!,#REF!,#REF!,#REF!,#REF!,#REF!,#REF!,#REF!,#REF!,#REF!,#REF!,N29,N26,N23,N20,N17,N14) -> #REF! | O32: =SUM(#REF!,#REF!,#REF!,#REF!,#REF!,#REF!,#REF!,#REF!,#REF!,#REF!,#REF!,#REF!,#REF!,#REF!,#REF!,#REF!,#REF!,O29,O26,O23,O20,O17,O14) -> #REF! | P32: =SUM(#REF!,#REF!,#REF!,#REF!,#REF!,#REF!,#REF!,#REF!,#REF!,#REF!,#REF!,#REF!,#REF!,#REF!,#REF!,#REF!,#REF!,P29,P26,P23,P20,P17,P14) -> #REF! | Q32: =SUM(Q29,Q26,Q23,Q20,Q17,Q14) -> 1257223.2 | R32: =SUM(#REF!,#REF!,#REF!,#REF!,#REF!,#REF!,#REF!,#REF!,#REF!,#REF!,#REF!,#REF!,#REF!,#REF!,#REF!,#REF!,#REF!,R29,R26,R23,R20,R17,R14) -> #REF! | S32: =SUM(#REF!,#REF!,#REF!,#REF!,#REF!,#REF!,#REF!,#REF!,#REF!,#REF!,#REF!,#REF!,#REF!,#REF!,#REF!,#REF!,#REF!,S29,S26,S23,S20,S17,S14) -> #REF! | T32: =SUM(#REF!,#REF!,#REF!,#REF!,#REF!,#REF!,#REF!,#REF!,#REF!,#REF!,#REF!,#REF!,#REF!,#REF!,#REF!,#REF!,#REF!,T29,T26,T23,T20,T17,T14) -> #REF! | U32: =SUM(U29,U26,U23,U20,U17,U14) -> 1257223.2 | V32: =SUM(#REF!,#REF!,#REF!,#REF!,#REF!,#REF!,#REF!,#REF!,#REF!,#REF!,#REF!,#REF!,#REF!,#REF!,#REF!,#REF!,#REF!,V29,V26,V23,V20,V17,V14) -> #REF! | W32: =SUM(#REF!,#REF!,#REF!,#REF!,#REF!,#REF!,#REF!,#REF!,#REF!,#REF!,#REF!,#REF!,#REF!,#REF!,#REF!,#REF!,#REF!,W29,W26,W23,W20,W17,W14) -> #REF! | X32: =SUM(#REF!,#REF!,#REF!,#REF!,#REF!,#REF!,#REF!,#REF!,#REF!,#REF!,#REF!,#REF!,#REF!,#REF!,#REF!,#REF!,#REF!,X29,X26,X23,X20,X17,X14) -> #REF! | Y32: =SUM(Y29,Y26,Y23,Y20,Y17,Y14) -> 1257223.2 | Z32: =SUM(#REF!,#REF!,#REF!,#REF!,#REF!,#REF!,#REF!,#REF!,#REF!,#REF!,#REF!,#REF!,#REF!,#REF!,#REF!,#REF!,#REF!,Z29,Z26,Z23,Z20,Z17,Z14) -> #REF! | AA32: =SUM(#REF!,#REF!,#REF!,#REF!,#REF!,#REF!,#REF!,#REF!,#REF!,#REF!,#REF!,#REF!,#REF!,#REF!,#REF!,#REF!,#REF!,AA29,AA26,AA23,AA20,AA17,AA14) -> #REF! | AB32: =SUM(#REF!,#REF!,#REF!,#REF!,#REF!,#REF!,#REF!,#REF!,#REF!,#REF!,#REF!,#REF!,#REF!,#REF!,#REF!,#REF!,#REF!,AB29,AB26,AB23,AB20,AB17,AB14) -> #REF! | AC32: =SUM(AC29,AC26,AC23,AC20,AC17,AC14) -> 1257223.2 | AD32: =SUM(#REF!,#REF!,#REF!,#REF!,#REF!,#REF!,#REF!,#REF!,#REF!,#REF!,#REF!,#REF!,#REF!,#REF!,#REF!,#REF!,#REF!,AD29,AD26,AD23,AD20,AD17,AD14) -> #REF! | AE32: =SUM(#REF!,#REF!,#REF!,#REF!,#REF!,#REF!,#REF!,#REF!,#REF!,#REF!,#REF!,#REF!,#REF!,#REF!,#REF!,#REF!,#REF!,AE29,AE26,AE23,AE20,AE17,AE14) -> #REF! | AF32: =SUM(#REF!,#REF!,#REF!,#REF!,#REF!,#REF!,#REF!,#REF!,#REF!,#REF!,#REF!,#REF!,#REF!,#REF!,#REF!,#REF!,#REF!,AF29,AF26,AF23,AF20,AF17,AF14) -> #REF! | AG32: =SUM(AG29,AG26,AG23,AG20,AG17,AG14) -> 1257223.2 | AH32: =SUM(#REF!,#REF!,#REF!,#REF!,#REF!,#REF!,#REF!,#REF!,#REF!,#REF!,#REF!,#REF!,#REF!,#REF!,#REF!,#REF!,#REF!,AH29,AH26,AH23,AH20,AH17,AH14) -> #REF! | AI32: =SUM(#REF!,#REF!,#REF!,#REF!,#REF!,#REF!,#REF!,#REF!,#REF!,#REF!,#REF!,#REF!,#REF!,#REF!,#REF!,#REF!,#REF!,AI29,AI26,AI23,AI20,AI17,AI14) -> #REF! | AJ32: =SUM(#REF!,#REF!,#REF!,#REF!,#REF!,#REF!,#REF!,#REF!,#REF!,#REF!,#REF!,#REF!,#REF!,#REF!,#REF!,#REF!,#REF!,AJ29,AJ26,AJ23,AJ20,AJ17,AJ14) -> #REF! | AK32: =SUM(AK29,AK26,AK23,AK20,AK17,AK14) -> 1257223.2 | AL32: =SUM(#REF!,#REF!,#REF!,#REF!,#REF!,#REF!,#REF!,#REF!,#REF!,#REF!,#REF!,#REF!,#REF!,#REF!,#REF!,#REF!,#REF!,AL29,AL26,AL23,AL20,AL17,AL14) -> #REF! | AM32: =SUM(#REF!,#REF!,#REF!,#REF!,#REF!,#REF!,#REF!,#REF!,#REF!,#REF!,#REF!,#REF!,#REF!,#REF!,#REF!,#REF!,#REF!,AM29,AM26,AM23,AM20,AM17,AM14) -> #REF! | AN32: =SUM(#REF!,#REF!,#REF!,#REF!,#REF!,#REF!,#REF!,#REF!,#REF!,#REF!,#REF!,#REF!,#REF!,#REF!,#REF!,#REF!,#REF!,AN29,AN26,AN23,AN20,AN17,AN14) -> #REF! | AO32: =SUM(AO29,AO26,AO23,AO20,AO17,AO14) -> 1257223.2 | AP32: =SUM(#REF!,#REF!,#REF!,#REF!,#REF!,#REF!,#REF!,#REF!,#REF!,#REF!,#REF!,#REF!,#REF!,#REF!,#REF!,#REF!,#REF!,AP29,AP26,AP23,AP20,AP17,AP14) -> #REF! | AQ32: =SUM(#REF!,#REF!,#REF!,#REF!,#REF!,#REF!,#REF!,#REF!,#REF!,#REF!,#REF!,#REF!,#REF!,#REF!,#REF!,#REF!,#REF!,AQ29,AQ26,AQ23,AQ20,AQ17,AQ14) -> #REF! | AR32: =SUM(#REF!,#REF!,#REF!,#REF!,#REF!,#REF!,#REF!,#REF!,#REF!,#REF!,#REF!,#REF!,#REF!,#REF!,#REF!,#REF!,#REF!,AR29,AR26,AR23,AR20,AR17,AR14) -> #REF! | AS32: =SUM(AS29,AS26,AS23,AS20,AS17,AS14) -> 1257223.2 | AT32: =SUM(#REF!,#REF!,#REF!,#REF!,#REF!,#REF!,#REF!,#REF!,#REF!,#REF!,#REF!,#REF!,#REF!,#REF!,#REF!,#REF!,#REF!,AT29,AT26,AT23,AT20,AT17,AT14) -> #REF! | AU32: =SUM(#REF!,#REF!,#REF!,#REF!,#REF!,#REF!,#REF!,#REF!,#REF!,#REF!,#REF!,#REF!,#REF!,#REF!,#REF!,#REF!,#REF!,AU29,AU26,AU23,AU20,AU17,AU14) -> #REF! | AV32: =SUM(#REF!,#REF!,#REF!,#REF!,#REF!,#REF!,#REF!,#REF!,#REF!,#REF!,#REF!,#REF!,#REF!,#REF!,#REF!,#REF!,#REF!,AV29,AV26,AV23,AV20,AV17,AV14) -> #REF! | AW32: =SUM(AW29,AW26,AW23,AW20,AW17,AW14) -> 1257223.2 | AX32: =SUM(#REF!,#REF!,#REF!,#REF!,#REF!,#REF!,#REF!,#REF!,#REF!,#REF!,#REF!,#REF!,#REF!,#REF!,#REF!,#REF!,#REF!,AX29,AX26,AX23,AX20,AX17,AX14) -> #REF! | AY32: =SUM(#REF!,#REF!,#REF!,#REF!,#REF!,#REF!,#REF!,#REF!,#REF!,#REF!,#REF!,#REF!,#REF!,#REF!,#REF!,#REF!,#REF!,AY29,AY26,AY23,AY20,AY17,AY14) -> #REF! | AZ32: =SUM(#REF!,#REF!,#REF!,#REF!,#REF!,#REF!,#REF!,#REF!,#REF!,#REF!,#REF!,#REF!,#REF!,#REF!,#REF!,#REF!,#REF!,AZ29,AZ26,AZ23,AZ20,AZ17,AZ14) -> #REF! | BA32: =SUM(BA29,BA26,BA23,BA20,BA17,BA14) -> 1257223.2 | BB32: =SUM(#REF!,#REF!,#REF!,#REF!,#REF!,#REF!,#REF!,#REF!,#REF!,#REF!,#REF!,#REF!,#REF!,#REF!,#REF!,#REF!,#REF!,BB29,BB26,BB23,BB20,BB17,BB14) -> #REF! | BC32: =SUM(#REF!,#REF!,#REF!,#REF!,#REF!,#REF!,#REF!,#REF!,#REF!,#REF!,#REF!,#REF!,#REF!,#REF!,#REF!,#REF!,#REF!,BC29,BC26,BC23,BC20,BC17,BC14) -> #REF! | BD32: =SUM(#REF!,#REF!,#REF!,#REF!,#REF!,#REF!,#REF!,#REF!,#REF!,#REF!,#REF!,#REF!,#REF!,#REF!,#REF!,#REF!,#REF!,BD29,BD26,BD23,BD20,BD17,BD14) -> #REF! | BE32: =SUM(BE29,BE26,BE23,BE20,BE17,BE14) -> 1257223.2 | BF32: =SUM(#REF!,#REF!,#REF!,#REF!,#REF!,#REF!,#REF!,#REF!,#REF!,#REF!,#REF!,#REF!,#REF!,#REF!,#REF!,#REF!,#REF!,BF29,BF26,BF23,BF20,BF17,BF14) -> #REF! | BG32: =SUM(#REF!,#REF!,#REF!,#REF!,#REF!,#REF!,#REF!,#REF!,#REF!,#REF!,#REF!,#REF!,#REF!,#REF!,#REF!,#REF!,#REF!,BG29,BG26,BG23,BG20,BG17,BG14) -> #REF! | BH32: =SUM(#REF!,#REF!,#REF!,#REF!,#REF!,#REF!,#REF!,#REF!,#REF!,#REF!,#REF!,#REF!,#REF!,#REF!,#REF!,#REF!,#REF!,BH29,BH26,BH23,BH20,BH17,BH14) -> #REF! | BI32: =SUM(BI29,BI26,BI23,BI20,BI17,BI14) -> 1257223.2 | BJ32: =SUM(#REF!,#REF!,#REF!,#REF!,#REF!,#REF!,#REF!,#REF!,#REF!,#REF!,#REF!,#REF!,#REF!,#REF!,#REF!,#REF!,#REF!,BJ29,BJ26,BJ23,BJ20,BJ17,BJ14) -> #REF! | BK32: =SUM(#REF!,#REF!,#REF!,#REF!,#REF!,#REF!,#REF!,#REF!,#REF!,#REF!,#REF!,#REF!,#REF!,#REF!,#REF!,#REF!,#REF!,BK29,BK26,BK23,BK20,BK17,BK14) -> #REF! | BL32: =SUM(#REF!,#REF!,#REF!,#REF!,#REF!,#REF!,#REF!,#REF!,#REF!,#REF!,#REF!,#REF!,#REF!,#REF!,#REF!,#REF!,#REF!,BL29,BL26,BL23,BL20,BL17,BL14) -> #REF! | BM32: =SUM(BM29,BM26,BM23,BM20,BM17,BM14) -> 1257223.2 | BN32: =SUM(#REF!,#REF!,#REF!,#REF!,#REF!,#REF!,#REF!,#REF!,#REF!,#REF!,#REF!,#REF!,#REF!,#REF!,#REF!,#REF!,#REF!,BN29,BN26,BN23,BN20,BN17,BN14) -> #REF! | BO32: =SUM(#REF!,#REF!,#REF!,#REF!,#REF!,#REF!,#REF!,#REF!,#REF!,#REF!,#REF!,#REF!,#REF!,#REF!,#REF!,#REF!,#REF!,BO29,BO26,BO23,BO20,BO17,BO14) -> #REF! | BP32: =SUM(#REF!,#REF!,#REF!,#REF!,#REF!,#REF!,#REF!,#REF!,#REF!,#REF!,#REF!,#REF!,#REF!,#REF!,#REF!,#REF!,#REF!,BP29,BP26,BP23,BP20,BP17,BP14) -> #REF! | BQ32: =SUM(BQ29,BQ26,BQ23,BQ20,BQ17,BQ14) -> 1257223.2 | BR32: =SUM(#REF!,#REF!,#REF!,#REF!,#REF!,#REF!,#REF!,#REF!,#REF!,#REF!,#REF!,#REF!,#REF!,#REF!,#REF!,#REF!,#REF!,BR29,BR26,BR23,BR20,BR17,BR14) -> #REF! | BS32: =SUM(#REF!,#REF!,#REF!,#REF!,#REF!,#REF!,#REF!,#REF!,#REF!,#REF!,#REF!,#REF!,#REF!,#REF!,#REF!,#REF!,#REF!,BS29,BS26,BS23,BS20,BS17,BS14) -> #REF! | BT32: =SUM(#REF!,#REF!,#REF!,#REF!,#REF!,#REF!,#REF!,#REF!,#REF!,#REF!,#REF!,#REF!,#REF!,#REF!,#REF!,#REF!,#REF!,BT29,BT26,BT23,BT20,BT17,BT14) -> #REF! | BU32: =SUM(BU29,BU26,BU23,BU20,BU17,BU14) -> 1257223.2 | BV32: =SUM(#REF!,#REF!,#REF!,#REF!,#REF!,#REF!,#REF!,#REF!,#REF!,#REF!,#REF!,#REF!,#REF!,#REF!,#REF!,#REF!,#REF!,BV29,BV26,BV23,BV20,BV17,BV14) -> #REF! | BW32: =SUM(#REF!,#REF!,#REF!,#REF!,#REF!,#REF!,#REF!,#REF!,#REF!,#REF!,#REF!,#REF!,#REF!,#REF!,#REF!,#REF!,#REF!,BW29,BW26,BW23,BW20,BW17,BW14) -> #REF! | BX32: =SUM(#REF!,#REF!,#REF!,#REF!,#REF!,#REF!,#REF!,#REF!,#REF!,#REF!,#REF!,#REF!,#REF!,#REF!,#REF!,#REF!,#REF!,BX29,BX26,BX23,BX20,BX17,BX14) -> #REF! | BY32: =SUM(BY29,BY26,BY23,BY20,BY17,BY14) -> 1257223.2 | BZ32: =SUM(#REF!,#REF!,#REF!,#REF!,#REF!,#REF!,#REF!,#REF!,#REF!,#REF!,#REF!,#REF!,#REF!,#REF!,#REF!,#REF!,#REF!,BZ29,BZ26,BZ23,BZ20,BZ17,BZ14) -> #REF! | CA32: =SUM(#REF!,#REF!,#REF!,#REF!,#REF!,#REF!,#REF!,#REF!,#REF!,#REF!,#REF!,#REF!,#REF!,#REF!,#REF!,#REF!,#REF!,CA29,CA26,CA23,CA20,CA17,CA14) -> #REF! | CB32: =SUM(#REF!,#REF!,#REF!,#REF!,#REF!,#REF!,#REF!,#REF!,#REF!,#REF!,#REF!,#REF!,#REF!,#REF!,#REF!,#REF!,#REF!,CB29,CB26,CB23,CB20,CB17,CB14) -> #REF! | CC32: =SUM(CC29,CC26,CC23,CC20,CC17,CC14) -> 1257223.2 | CD32: =SUM(#REF!,#REF!,#REF!,#REF!,#REF!,#REF!,#REF!,#REF!,#REF!,#REF!,#REF!,#REF!,#REF!,#REF!,#REF!,#REF!,#REF!,CD29,CD26,CD23,CD20,CD17,CD14) -> #REF! | CE32: =SUM(#REF!,#REF!,#REF!,#REF!,#REF!,#REF!,#REF!,#REF!,#REF!,#REF!,#REF!,#REF!,#REF!,#REF!,#REF!,#REF!,#REF!,CE29,CE26,CE23,CE20,CE17,CE14) -> #REF! | CF32: =SUM(#REF!,#REF!,#REF!,#REF!,#REF!,#REF!,#REF!,#REF!,#REF!,#REF!,#REF!,#REF!,#REF!,#REF!,#REF!,#REF!,#REF!,CF29,CF26,CF23,CF20,CF17,CF14) -> #REF! | CG32: =SUM(CG29,CG26,CG23,CG20,CG17,CG14) -> 1257223.2 | CH32: =SUM(#REF!,#REF!,#REF!,#REF!,#REF!,#REF!,#REF!,#REF!,#REF!,#REF!,#REF!,#REF!,#REF!,#REF!,#REF!,#REF!,#REF!,CH29,CH26,CH23,CH20,CH17,CH14) -> #REF! | CI32: =SUM(#REF!,#REF!,#REF!,#REF!,#REF!,#REF!,#REF!,#REF!,#REF!,#REF!,#REF!,#REF!,#REF!,#REF!,#REF!,#REF!,#REF!,CI29,CI26,CI23,CI20,CI17,CI14) -> #REF! | CJ32: =SUM(#REF!,#REF!,#REF!,#REF!,#REF!,#REF!,#REF!,#REF!,#REF!,#REF!,#REF!,#REF!,#REF!,#REF!,#REF!,#REF!,#REF!,CJ29,CJ26,CJ23,CJ20,CJ17,CJ14) -> #REF! | CK32: =SUM(CK29,CK26,CK23,CK20,CK17,CK14) -> 1257223.2 | CL32: =SUM(#REF!,#REF!,#REF!,#REF!,#REF!,#REF!,#REF!,#REF!,#REF!,#REF!,#REF!,#REF!,#REF!,#REF!,#REF!,#REF!,#REF!,CL29,CL26,CL23,CL20,CL17,CL14) -> #REF! | CM32: =SUM(#REF!,#REF!,#REF!,#REF!,#REF!,#REF!,#REF!,#REF!,#REF!,#REF!,#REF!,#REF!,#REF!,#REF!,#REF!,#REF!,#REF!,CM29,CM26,CM23,CM20,CM17,CM14) -> #REF! | CN32: =SUM(#REF!,#REF!,#REF!,#REF!,#REF!,#REF!,#REF!,#REF!,#REF!,#REF!,#REF!,#REF!,#REF!,#REF!,#REF!,#REF!,#REF!,CN29,CN26,CN23,CN20,CN17,CN14) -> #REF! | CO32: =SUM(CO29,CO26,CO23,CO20,CO17,CO14) -> 1257223.2 | CP32: =SUM(#REF!,#REF!,#REF!,#REF!,#REF!,#REF!,#REF!,#REF!,#REF!,#REF!,#REF!,#REF!,#REF!,#REF!,#REF!,#REF!,#REF!,CP29,CP26,CP23,CP20,CP17,CP14) -> #REF! | CQ32: =SUM(#REF!,#REF!,#REF!,#REF!,#REF!,#REF!,#REF!,#REF!,#REF!,#REF!,#REF!,#REF!,#REF!,#REF!,#REF!,#REF!,#REF!,CQ29,CQ26,CQ23,CQ20,CQ17,CQ14) -> #REF! | CR32: =SUM(#REF!,#REF!,#REF!,#REF!,#REF!,#REF!,#REF!,#REF!,#REF!,#REF!,#REF!,#REF!,#REF!,#REF!,#REF!,#REF!,#REF!,CR29,CR26,CR23,CR20,CR17,CR14) -> #REF! | CS32: =SUM(CS29,CS26,CS23,CS20,CS17,CS14) -> 1257223.2 | CT32: =SUM(#REF!,#REF!,#REF!,#REF!,#REF!,#REF!,#REF!,#REF!,#REF!,#REF!,#REF!,#REF!,#REF!,#REF!,#REF!,#REF!,#REF!,CT29,CT26,CT23,CT20,CT17,CT14) -> #REF! | CU32: =SUM(#REF!,#REF!,#REF!,#REF!,#REF!,#REF!,#REF!,#REF!,#REF!,#REF!,#REF!,#REF!,#REF!,#REF!,#REF!,#REF!,#REF!,CU29,CU26,CU23,CU20,CU17,CU14) -> #REF! | CV32: =SUM(#REF!,#REF!,#REF!,#REF!,#REF!,#REF!,#REF!,#REF!,#REF!,#REF!,#REF!,#REF!,#REF!,#REF!,#REF!,#REF!,#REF!,CV29,CV26,CV23,CV20,CV17,CV14) -> #REF!
C33: PERCENTUAL SIMPLES | D33: =SUM(D31,D28,D25,D22,D19,D16) -> 1 | E33: =E32/$D$32 -> 0.041666667 | I33: =I32/$D$32 -> 0.041666667 | M33: =M32/$D$32 -> 0.041666667 | Q33: =Q32/$D$32 -> 0.041666667 | U33: =U32/$D$32 -> 0.041666667 | Y33: =Y32/$D$32 -> 0.041666667 | AC33: =AC32/$D$32 -> 0.041666667 | AG33: =AG32/$D$32 -> 0.041666667 | AK33: =AK32/$D$32 -> 0.041666667 | AO33: =AO32/$D$32 -> 0.041666667 | AS33: =AS32/$D$32 -> 0.041666667 | AW33: =AW32/$D$32 -> 0.041666667 | BA33: =BA32/$D$32 -> 0.041666667 | BE33: =BE32/$D$32 -> 0.041666667 | BI33: =BI32/$D$32 -> 0.041666667 | BM33: =BM32/$D$32 -> 0.041666667 | BQ33: =BQ32/$D$32 -> 0.041666667 | BU33: =BU32/$D$32 -> 0.041666667 | BY33: =BY32/$D$32 -> 0.041666667 | CC33: =CC32/$D$32 -> 0.041666667 | CG33: =CG32/$D$32 -> 0.041666667 | CK33: =CK32/$D$32 -> 0.041666667 | CO33: =CO32/$D$32 -> 0.041666667 | CS33: =CS32/$D$32 -> 0.041666667
C34: TOTAL ACUMULADO COM BDI | E34: =+E32 -> 1257223.2 | I34: =+I32+E34 -> 2514446.3 | M34: =+M32+I34 -> 3771669.5 | Q34: =+Q32+M34 -> 5028892.6 | U34: =+U32+Q34 -> 6286115.8 | Y34: =+Y32+U34 -> 7543339 | AC34: =+AC32+Y34 -> 8800562.1 | AG34: =+AG32+AC34 -> 10057785 | AK34: =+AK32+AG34 -> 11315008 | AO34: =+AO32+AK34 -> 12572232 | AS34: =+AS32+AO34 -> 13829455 | AW34: =+AW32+AS34 -> 15086678 | BA34: =+BA32+AW34 -> 16343901 | BE34: =+BE32+BA34 -> 17601124 | BI34: =+BI32+BE34 -> 18858347 | BM34: =+BM32+BI34 -> 20115571 | BQ34: =+BQ32+BM34 -> 21372794 | BU34: =+BU32+BQ34 -> 22630017 | BY34: =+BY32+BU34 -> 23887240 | CC34: =+CC32+BY34 -> 25144463 | CG34: =+CG32+CC34 -> 26401686 | CK34: =+CK32+CG34 -> 27658910 | CO34: =+CO32+CK34 -> 28916133 | CS34: =+CS32+CO34 -> 30173356
C35: PERCENTUAL ACUMULADO | E35: =E33 -> 0.041666667 | I35: =+I33+E35 -> 0.083333333 | M35: =+M33+I35 -> 0.125 | Q35: =+Q33+M35 -> 0.16666667 | U35: =+U33+Q35 -> 0.20833333 | Y35: =+Y33+U35 -> 0.25 | AC35: =+AC33+Y35 -> 0.29166667 | AG35: =+AG33+AC35 -> 0.33333333 | AK35: =+AK33+AG35 -> 0.375 | AO35: =+AO33+AK35 -> 0.41666667 | AS35: =+AS33+AO35 -> 0.45833333 | AW35: =+AW33+AS35 -> 0.5 | BA35: =+BA33+AW35 -> 0.54166667 | BE35: =+BE33+BA35 -> 0.58333333 | BI35: =+BI33+BE35 -> 0.625 | BM35: =+BM33+BI35 -> 0.66666667 | BQ35: =+BQ33+BM35 -> 0.70833333 | BU35: =+BU33+BQ35 -> 0.75 | BY35: =+BY33+BU35 -> 0.79166667 | CC35: =+CC33+BY35 -> 0.83333333 | CG35: =+CG33+CC35 -> 0.875 | CK35: =+CK33+CG35 -> 0.91666667 | CO35: =+CO33+CK35 -> 0.95833333 | CS35: =+CS33+CO35 -> 1

Sheet CURVA ABC DE SERVIÇOS
B1: CURVA ABC DE SERVIÇOS
B3: OBJETO: | C3: ='ORÇAMENTO SINTÉTICO'!C3 -> Contratação de empresa, ou consórcio de empresas, com prática na execução de serviços técnicos especializados, de caráter subsidiário e temporário em assessoramento nas áreas de engenharia, arquitetura, jurídica e apoio na gestão de ações e projetos no âmbito da Secretaria de Estado da Infraestrutura – SEINFRA | I3: DATA: | J3: =COMPOSIÇÕES!K3 -> 10/12/2024
B4: LOCAL: | C4: ='ORÇAMENTO SINTÉTICO'!C4 -> Rua 05, n. 833, Quadra C5, Lote 23, Setor Oeste, Goiânia - GO | I4: REVISÃO: | J4: =COMPOSIÇÕES!K4 -> 00
B5: BASE: | C5: ='ORÇAMENTO SINTÉTICO'!C5 -> SINAPI - 10/2024 (GO) / SETOP - 07/2024 (MG) / SEINFRA - 028 (CE) / EMBASA - 05/2024 (BA) | G5: PRAZO: | H5: =COMPOSIÇÕES!I5 -> 24 MESES | I5: BDI OBRA: | J5: =COMPOSIÇÕES!K5 -> 0.4458
B8: Banco | C8: Código | D8: Descrição | E8: Und | F8: Quant. | G8: Valor Unit | H8: Total | I8: Peso (%) | J8: Peso Acumulado (%)
B9: Próprio | C9: 00003 | D9: Apoiar a elaboração e análise de anteprojetos, projetos básicos e executivos de engenharia | E9: mês | F9: 24 | G9: 90452.45 | H9: =+TRUNC(F9*G9,2) -> 2170858.8 | I9: =+H9/$G$40 -> 0.10401983 | J9: =+I9 -> 0.10401983
B10: Próprio | C10: 00004 | D10: Apoiar a elaboração, análise e revisão de documentação de planejamento de contratações de projetos e obras de infraestrutura | E10: mês | F10: 24 | G10: 69171.49 | H10: =+TRUNC(F10*G10,2) -> 1660115.8 | I10: =+H10/$G$40 -> 0.079546839 | J10: =+J9+I10 -> 0.18356667
B11: Próprio | C11: 00008 | D11: Apoiar a elaboração, análise e revisão de relatórios diários de obras segundo as diretrizes da área técnica | E11: mês | F11: 24 | G11: 63180.09 | H11: =+TRUNC(F11*G11,2) -> 1516322.2 | I11: =+H11/$G$40 -> 0.072656762 | J11: =+J10+I11 -> 0.25622343
B12: Próprio | C12: 00011 | D12: Apoiar a elaboração e análise de projetos de infraestrutura | E12: mês | F12: 24 | G12: 58448.27 | H12: =+TRUNC(F12*G12,2) -> 1402758.5 | I12: =+H12/$G$40 -> 0.067215194 | J12: =+J11+I12 -> 0.32343862
B13: Próprio | C13: 00014 | D13: Apoiar a elaboração e revisão de relatórios de análise e/ou fiscalização de projetos de infraestrutura | E13: mês | F13: 24 | G13: 55420.04 | H13: =+TRUNC(F13*G13,2) -> 1330081 | I13: =+H13/$G$40 -> 0.063732746 | J13: =+J12+I13 -> 0.38717137
B14: Próprio | C14: 00021 | D14: Apoiar a elaboração, análise e revisão de estudos de viabilidade para implantação de loteamentos | E14: mês | F14: 24 | G14: 48978.43 | H14: =+TRUNC(F14*G14,2) -> 1175482.3 | I14: =+H14/$G$40 -> 0.056324929 | J14: =+J13+I14 -> 0.4434963
B15: Próprio | C15: 00018 | D15: Apoiar a elaboração, análise e revisão de Programas, Planos e Relatórios de políticas públicas habitacionais de interesse social, para subsidiar decisões administrativas | E15: mês | F15: 24 | G15: 43649.86 | H15: =+TRUNC(F15*G15,2) -> 1047596.6 | I15: =+H15/$G$40 -> 0.050197103 | J15: =+J14+I15 -> 0.4936934
B16: Próprio | C16: 00006 | D16: Apoiar a elaboração, análise e revisão de Relatórios de Vistoria de obras e projetos de interesse da SEINFRA | E16: mês | F16: 24 | G16: 41502.45 | H16: =+TRUNC(F16*G16,2) -> 996058.8 | I16: =+H16/$G$40 -> 0.047727593 | J16: =+J15+I16 -> 0.54142099
B17: Próprio | C17: 00009 | D17: Apoiar a elaboração, análise e revisão de relatórios de gestão de contratos de obras de infraestrutura | E17: mês | F17: 24 | G17: 40560.34 | H17: =+TRUNC(F17*G17,2) -> 973448.16 | I17: =+H17/$G$40 -> 0.046644171 | J17: =+J16+I17 -> 0.58806517
B18: Próprio | C18: 00025 | D18: Apoiar a elaboração, análise e revisão de relatórios de projetos de infraestrutura de saneamento para subsidiar suas aprovações | E18: mês | F18: 24 | G18: 37580.62 | H18: =+TRUNC(F18*G18,2) -> 901934.88 | I18: =+H18/$G$40 -> 0.04321751 | J18: =+J17+I18 -> 0.63128267
B19: Próprio | C19: 00024 | D19: Apoiar a elaboração e análise de estudos de prospecção e pós-prospecção de poços tubulares profundos (PTP) e poços artesianos para subsidiar a a aprovação dos estudos e a elaboração de projetos de engenharia de abastecimento de água e esgoto | E19: mês | F19: 24 | G19: 30229.62 | H19: =+TRUNC(F19*G19,2) -> 725510.88 | I19: =+H19/$G$40 -> 0.034763899 | J19: =+J18+I19 -> 0.66604657
B20: Próprio | C20: 00028 | D20: Apoiar a elaboração de notas técnicas, despachos e boletins com indicação de providências a serem tomadas e/ou recomendações de melhoria | E20: mês | F20: 24 | G20: 28413.76 | H20: =+TRUNC(F20*G20,2) -> 681930.24 | I20: =+H20/$G$40 -> 0.03267567 | J20: =+J19+I20 -> 0.69872224
B21: Próprio | C21: 00010 | D21: Apoiar a elaboração e análise de medição de contratos de obras de engenharia | E21: mês | F21: 24 | G21: 27850.74 | H21: =+TRUNC(F21*G21,2) -> 668417.76 | I21: =+H21/$G$40 -> 0.0320282 | J21: =+J20+I21 -> 0.73075044
... B38: Próprio | C38: 00019 | D38: Apoiar a elaboração, análise e revisão de documentação administrativa e técnica referente à tramitação de projetos de lei, decretos e outras normativas legais | E38: mês | F38: 24 | G38: 5047.05 | H38: =+TRUNC(F38*G38,2) -> 121129.2 | I38: =+H38/$G$40 -> 0.0058040802 | J38: =+J37+I38 -> 1
E40: Total sem BDI | G40: =SUM(H9:H38) -> 20869663
E41: Total do BDI | G41: =+'ORÇAMENTO RESUMO'!K17 -> 9303692.4
E42: Total Geral | G42: =SUM(G40:I41) -> 30173356

Sheet BDI NORMAL
B1: BONIFICAÇÃO DE DESPESAS INDIRETAS - BDI
B4: OBJETO: | C4: ='CURVA ABC DE SERVIÇOS'!C3 -> Contratação de empresa, ou consórcio de empresas, com prática na execução de serviços técnicos especializados, de caráter subsidiário e temporário em assessoramento nas áreas de engenharia, arquitetura, jurídica e apoio na gestão de ações e projetos no âmbito da Secretaria de Estado da Infraestrutura – SEINFRA | N4: DATA: | O4: ='CURVA ABC DE SERVIÇOS'!J3 -> 10/12/2024
B5: LOCAL: | C5: ='CURVA ABC DE SERVIÇOS'!C4 -> Rua 05, n. 833, Quadra C5, Lote 23, Setor Oeste, Goiânia - GO | N5: REVISÃO: | O5: ='CURVA ABC DE SERVIÇOS'!J4 -> 00
F7: Descrição | K7: % sobre CD
F9: Despesas Indiretas
F10: Administração Central | K10: 0.1
F11: Despesas Financeiras | K11: 0.0111
F12: Riscos | K12: 0.0072
F13: Seguros e Garantias Contratuais | K13: 0.0014
F14: Subtotal 1 | K14: =SUM(K10:K13) -> 0.1197
F16: Benefícios
F17: Lucro | K17: 0.12
F18: Subtotal 1 | K18: =SUM(K17) -> 0.12
F20: Tributos
F21: PIS | K21: 0.0239
F22: COFINS | K22: 0.1099
F23: ISSQN* | K23: 0.0723
F24: Subtotal 1 | K24: =SUM(K21:K23) -> 0.2061
F25: BDI | K25: =+K14+K18+K24 -> 0.4458
B27: (*) Limite máximo adotado de 5%, valor variável em função da legislação de cada município. As empresas licitantes deverão adotar as alíquotas pertinentes.
B28: Referência utilizada pela GOINFRA, extraída do Ofício Circular n° 2699/2024 (SEI DNIT n. 17818943), pbulicado em: https://www.gov.br/dnit/pt-br/assuntos/planejamento-e-pesquisa/custos-e-pagamentos/custos-e-pagamentos-dnit/engenharia-consultiva-2/bdi/copy_of_bdi-tabela-de-precos-de-consultoria

Sheet ENCARGOS SOCIAIS
B1: DEMONSTRATIVO DE ENCARGOS SOCIAIS
B3: OBJETO: | C3: ='BDI NORMAL'!C4 -> Contratação de empresa, ou consórcio de empresas, com prática na execução de serviços técnicos especializados, de caráter subsidiário e temporário em assessoramento nas áreas de engenharia, arquitetura, jurídica e apoio na gestão de ações e projetos no âmbito da Secretaria de Estado da Infraestrutura – SEINFRA | F3: DATA: | G3: ='BDI NORMAL'!O4 -> 10/12/2024
B4: LOCAL: | C4: ='BDI NORMAL'!C5 -> Rua 05, n. 833, Quadra C5, Lote 23, Setor Oeste, Goiânia - GO | F4: REVISÃO: | G4: ='BDI NORMAL'!O5 -> 00
B5: BASE: | C5: ='ORÇAMENTO SINTÉTICO'!C5 -> SINAPI - 10/2024 (GO) / SETOP - 07/2024 (MG) / SEINFRA - 028 (CE) / EMBASA - 05/2024 (BA)
B7: CÓDIGO | C7: DESCRIÇÃO | D7: COM DESONERAÇÃO | F7: SEM DESONERAÇÃO
D8: HORISTA % | E8: MENSALISTA % | F8: HORISTA % | G8: MENSALISTA %
B9: GRUPO A
B10: A1 | C10: INSS | D10: 0 | E10: 0 | F10: 0.2 | G10: 0.2
B11: A2 | C11: SESI | D11: 0.015 | E11: 0.015 | F11: 0.015 | G11: 0.015
B12: A3 | C12: SENAI | D12: 0.01 | E12: 0.01 | F12: 0.01 | G12: 0.01
B13: A4 | C13: INCRA | D13: 0.002 | E13: 0.002 | F13: 0.002 | G13: 0.002
B14: A5 | C14: SEBRAE | D14: 0.006 | E14: 0.006 | F14: 0.006 | G14: 0.006
B15: A6 | C15: Salário Educação | D15: 0.025 | E15: 0.025 | F15: 0.025 | G15: 0.025
B16: A7 | C16: Seguro Contra Acidentes de Trabalho | D16: 0.03 | E16: 0.03 | F16: 0.03 | G16: 0.03
B17: A8 | C17: FGTS | D17: 0.08 | E17: 0.08 | F17: 0.08 | G17: 0.08
B18: A9 | C18: SECONCI | D18: 0.01 | E18: 0.01 | F18: 0.01 | G18: 0.01
B19: A | C19: Total | D19: =SUM(D10:D18) -> 0.178 | E19: =SUM(E10:E18) -> 0.178 | F19: =SUM(F10:F18) -> 0.378 | G19: =SUM(G10:G18) -> 0.378
B20: GRUPO B
B21: B1 | C21: Repouso Semanal Remunerado | D21: 0.1781 | E21: Não incide | F21: 0.1781 | G21: Não incide
B22: B2 | C22: Feriados | D22: 0.037 | E22: Não incide | F22: 0.037 | G22: Não incide
B23: B3 | C23: Auxílio - Enfermidade | D23: 0.0086 | E23: 0.0064 | F23: 0.0086 | G23: 0.0064
B24: B4 | C24: 13º Salário | D24: 0.1118 | E24: 0.0833 | F24: 0.1118 | G24: 0.0833
B25: B5 | C25: Licença Paternidade | D25: 0.0006 | E25: 0.0004 | F25: 0.0006 | G25: 0.0004
B26: B6 | C26: Faltas Justificadas | D26: 0.0075 | E26: 0.0056 | F26: 0.0075 | G26: 0.0056
B27: B7 | C27: Dias de Chuvas | D27: 0.0136 | E27: Não incide | F27: 0.0136 | G27: Não incide
B28: B8 | C28: Auxílio Acidente de Trabalho | D28: 0.001 | E28: 0.0008 | F28: 0.001 | G28: 0.0008
B29: B9 | C29: Férias Gozadas | D29: 0 | E29: 0 | F29: 0 | G29: 0
B30: B10 | C30: Salário Maternidade | D30: 0.0004 | E30: 0.0003 | F30: 0.0004 | G30: 0.0003
B31: B | C31: Total | D31: =SUM(D21:D30) -> 0.3586 | E31: =SUM(E21:E30) -> 0.0968 | F31: =SUM(F21:F30) -> 0.3586 | G31: =SUM(G21:G30) -> 0.0968
B32: GRUPO C
B33: C1 | C33: Aviso Prévio Indenizado | D33: 0.0591 | E33: 0.044 | F33: 0.0591 | G33: 0.044
B34: C2 | C34: Aviso Prévio Trabalhado | D34: 0.0014 | E34: 0.001 | F34: 0.0014 | G34: 0.001
B35: C3 | C35: Férias Indenizadas | D35: 0.1202 | E35: 0.0896 | F35: 0.1202 | G35: 0.0896
B36: C4 | C36: Depósito Rescisão Sem Justa Causa | D36: 0.0252 | E36: 0.0188 | F36: 0.0252 | G36: 0.0188
B37: C5 | C37: Indenização Adicional | D37: 0.005 | E37: 0.0037 | F37: 0.005 | G37: 0.0037
B38: C | C38: Total | D38: =SUM(D33:D37) -> 0.2109 | E38: =SUM(E33:E37) -> 0.1571 | F38: =SUM(F33:F37) -> 0.2109 | G38: =SUM(G33:G37) -> 0.1571
B39: GRUPO D
B40: D1 | C40: Reincidência de Grupo A sobre Grupo B | D40: 0.0638 | E40: 0.0172 | F40: 0.1356 | G40: 0.0366
B41: D2 | C41: Reincidência de Grupo A sobre Aviso Prévio Trabalhado e Reincidência do FGTS sobre Aviso Prévio Indenizado | D41: 0.005 | E41: 0.0037 | F41: 0.0053 | G41: 0.0039
B42: D | C42: Total | D42: =SUM(D40:D41) -> 0.0688 | E42: =SUM(E40:E41) -> 0.0209 | F42: =SUM(F40:F41) -> 0.1409 | G42: =SUM(G40:G41) -> 0.0405
B43: TOTAL(A+B+C+D) | D43: =SUM(D42,D38,D31,D19) -> 0.8163 | E43: =SUM(E42,E38,E31,E19) -> 0.4528 | F43: =SUM(F42,F38,F31,F19) -> 1.0884 | G43: =SUM(G42,G38,G31,G19) -> 0.6724
B44: FONTE: SINAPI - INFORMAÇÃO DIAS DE CHUVA – INMET

Sheet CAPA - MEMORIAL DE CÁLCULO
C9: MEMORIAL DE CÁLCULO

Sheet ALOCAÇÃO DE EQUIPES
B1: LEVANTAMENTO ALOCAÇÃO DE EQUIPES
B4: OBJETO: | C4: ='CURVA ABC DE SERVIÇOS'!C3 -> Contratação de empresa, ou consórcio de empresas, com prática na execução de serviços técnicos especializados, de caráter subsidiário e temporário em assessoramento nas áreas de engenharia, arquitetura, jurídica e apoio na gestão de ações e projetos no âmbito da Secretaria de Estado da Infraestrutura – SEINFRA | Z4: DATA: | AA4: ='CURVA ABC DE SERVIÇOS'!J3 -> 10/12/2024
B5: LOCAL: | C5: ='CURVA ABC DE SERVIÇOS'!C4 -> Rua 05, n. 833, Quadra C5, Lote 23, Setor Oeste, Goiânia - GO | Z5: REVISÃO: | AA5: ='CURVA ABC DE SERVIÇOS'!J4 -> 00
B7: Produto | C7: Atividade | D7: Equipe | E7: Alocação Equipe - Meses
E8: 1 | F8: 2 | G8: 3 | H8: 4 | I8: 5 | J8: 6 | K8: 7 | L8: 8 | M8: 9 | N8: 10 | O8: 11 | P8: 12 | Q8: 13 | R8: 14 | S8: 15 | T8: 16 | U8: 17 | V8: 18 | W8: 19 | X8: 20 | Y8: 21 | Z8: 22 | AA8: 23 | AB8: 24
B9: Produto 01 - Assessoramento Técnico à Gestão de Planejamento de Obras Públicas | C9: Atividade 1.1 – Apoiar a elaboração, análise e revisão de normativas técnicas e administrativas; | D9: Engenheiro Civil Sênior | E9: 0.25 | F9: 0.25 | G9: 0.25 | H9: 0.25 | I9: 0.25 | J9: 0.25 | K9: 0.25 | L9: 0.25 | M9: 0.25 | N9: 0.25 | O9: 0.25 | P9: 0.25 | Q9: 0.25 | R9: 0.25 | S9: 0.25 | T9: 0.25 | U9: 0.25 | V9: 0.25 | W9: 0.25 | X9: 0.25 | Y9: 0.25 | Z9: 0.25 | AA9: 0.25 | AB9: 0.25
D10: Engenheiro Civil Pleno
D11: Engenheiro Civil Júnior | E11: 0.5 | F11: 0.5 | G11: 0.5 | H11: 0.5 | I11: 0.5 | J11: 0.5 | K11: 0.5 | L11: 0.5 | M11: 0.5 | N11: 0.5 | O11: 0.5 | P11: 0.5 | Q11: 0.5 | R11: 0.5 | S11: 0.5 | T11: 0.5 | U11: 0.5 | V11: 0.5 | W11: 0.5 | X11: 0.5 | Y11: 0.5 | Z11: 0.5 | AA11: 0.5 | AB11: 0.5
C12: Atividade 1.2 – Apoiar a elaboração, análise e revisão de Programas, Planos e Anteprojetos de infraestrutura; | D12: Engenheiro Civil Sênior | E12: 0.25 | F12: 0.25 | G12: 0.25 | H12: 0.25 | I12: 0.25 | J12: 0.25 | K12: 0.25 | L12: 0.25 | M12: 0.25 | N12: 0.25 | O12: 0.25 | P12: 0.25 | Q12: 0.25 | R12: 0.25 | S12: 0.25 | T12: 0.25 | U12: 0.25 | V12: 0.25 | W12: 0.25 | X12: 0.25 | Y12: 0.25 | Z12: 0.25 | AA12: 0.25 | AB12: 0.25
D13: Engenheiro Civil Pleno
D14: Engenheiro Civil Júnior | E14: 0.5 | F14: 0.5 | G14: 0.5 | H14: 0.5 | I14: 0.5 | J14: 0.5 | K14: 0.5 | L14: 0.5 | M14: 0.5 | N14: 0.5 | O14: 0.5 | P14: 0.5 | Q14: 0.5 | R14: 0.5 | S14: 0.5 | T14: 0.5 | U14: 0.5 | V14: 0.5 | W14: 0.5 | X14: 0.5 | Y14: 0.5 | Z14: 0.5 | AA14: 0.5 | AB14: 0.5
C15: Atividade 1.3 – Apoiar a elaboração e análise de anteprojetos, projetos básicos e executivos de engenharia; | D15: Engenheiro Civil Sênior
D16: Engenheiro Civil Pleno | E16: 3 | F16: 3 | G16: 3 | H16: 3 | I16: 3 | J16: 3 | K16: 3 | L16: 3 | M16: 3 | N16: 3 | O16: 3 | P16: 3 | Q16: 3 | R16: 3 | S16: 3 | T16: 3 | U16: 3 | V16: 3 | W16: 3 | X16: 3 | Y16: 3 | Z16: 3 | AA16: 3 | AB16: 3
D17: Engenheiro Civil Júnior | E17: 1 | F17: 1 | G17: 1 | H17: 1 | I17: 1 | J17: 1 | K17: 1 | L17: 1 | M17: 1 | N17: 1 | O17: 1 | P17: 1 | Q17: 1 | R17: 1 | S17: 1 | T17: 1 | U17: 1 | V17: 1 | W17: 1 | X17: 1 | Y17: 1 | Z17: 1 | AA17: 1 | AB17: 1
D18: Engenheiro Ambiental Pleno | E18: 0.25 | F18: 0.25 | G18: 0.25 | H18: 0.25 | I18: 0.25 | J18: 0.25 | K18: 0.25 | L18: 0.25 | M18: 0.25 | N18: 0.25 | O18: 0.25 | P18: 0.25 | Q18: 0.25 | R18: 0.25 | S18: 0.25 | T18: 0.25 | U18: 0.25 | V18: 0.25 | W18: 0.25 | X18: 0.25 | Y18: 0.25 | Z18: 0.25 | AA18: 0.25 | AB18: 0.25
C19: Atividade 1.4 – Apoiar a elaboração, análise e revisão de documentação de planejamento de contratações de projetos e obras de infraestrutura; | D19: Engenheiro Civil Sênior | E19: 0.25 | F19: 0.25 | G19: 0.25 | H19: 0.25 | I19: 0.25 | J19: 0.25 | K19: 0.25 | L19: 0.25 | M19: 0.25 | N19: 0.25 | O19: 0.25 | P19: 0.25 | Q19: 0.25 | R19: 0.25 | S19: 0.25 | T19: 0.25 | U19: 0.25 | V19: 0.25 | W19: 0.25 | X19: 0.25 | Y19: 0.25 | Z19: 0.25 | AA19: 0.25 | AB19: 0.25
D20: Engenheiro Civil Pleno | E20: 2 | F20: 2 | G20: 2 | H20: 2 | I20: 2 | J20: 2 | K20: 2 | L20: 2 | M20: 2 | N20: 2 | O20: 2 | P20: 2 | Q20: 2 | R20: 2 | S20: 2 | T20: 2 | U20: 2 | V20: 2 | W20: 2 | X20: 2 | Y20: 2 | Z20: 2 | AA20: 2 | AB20: 2
D21: Engenheiro Civil Júnior | E21: 1 | F21: 1 | G21: 1 | H21: 1 | I21: 1 | J21: 1 | K21: 1 | L21: 1 | M21: 1 | N21: 1 | O21: 1 | P21: 1 | Q21: 1 | R21: 1 | S21: 1 | T21: 1 | U21: 1 | V21: 1 | W21: 1 | X21: 1 | Y21: 1 | Z21: 1 | AA21: 1 | AB21: 1
C22: Atividade 1.5 – Apoiar a elaboração, análise e revisão de estudos e relatórios ambientais (EIA, RIMA, e afins) relacionados aos projetos e obras de infraestrutura; | D22: Engenheiro Ambiental Sênior
D23: Engenheiro Ambiental Pleno | E23: 0.75 | F23: 0.75 | G23: 0.75 | H23: 0.75 | I23: 0.75 | J23: 0.75 | K23: 0.75 | L23: 0.75 | M23: 0.75 | N23: 0.75 | O23: 0.75 | P23: 0.75 | Q23: 0.75 | R23: 0.75 | S23: 0.75 | T23: 0.75 | U23: 0.75 | V23: 0.75 | W23: 0.75 | X23: 0.75 | Y23: 0.75 | Z23: 0.75 | AA23: 0.75 | AB23: 0.75
D24: Engenheiro Ambiental Júnior
C25: Atividade 1.6 – Apoiar a elaboração, análise e revisão de Relatórios de Vistoria de obras e projetos de interesse da SEINFRA; | D25: Engenheiro Civil Sênior
D26: Engenheiro Civil Pleno | E26: 1 | F26: 1 | G26: 1 | H26: 1 | I26: 1 | J26: 1 | K26: 1 | L26: 1 | M26: 1 | N26: 1 | O26: 1 | P26: 1 | Q26: 1 | R26: 1 | S26: 1 | T26: 1 | U26: 1 | V26: 1 | W26: 1 | X26: 1 | Y26: 1 | Z26: 1 | AA26: 1 | AB26: 1
D27: Engenheiro Civil Júnior | E27: 1 | F27: 1 | G27: 1 | H27: 1 | I27: 1 | J27: 1 | K27: 1 | L27: 1 | M27: 1 | N27: 1 | O27: 1 | P27: 1 | Q27: 1 | R27: 1 | S27: 1 | T27: 1 | U27: 1 | V27: 1 | W27: 1 | X27: 1 | Y27: 1 | Z27: 1 | AA27: 1 | AB27: 1
C28: Atividade 1.7 – Apoiar a gestão de documentos e informações dos processos internos afim de subsidiar a retroalimentação e melhoria dos procedimentos. | D28: Engenheiro Civil Sênior | E28: 0.25 | F28: 0.25 | G28: 0.25 | H28: 0.25 | I28: 0.25 | J28: 0.25 | K28: 0.25 | L28: 0.25 | M28: 0.25 | N28: 0.25 | O28: 0.25 | P28: 0.25 | Q28: 0.25 | R28: 0.25 | S28: 0.25 | T28: 0.25 | U28: 0.25 | V28: 0.25 | W28: 0.25 | X28: 0.25 | Y28: 0.25 | Z28: 0.25 | AA28: 0.25 | AB28: 0.25
D29: Engenheiro Civil Pleno
D30: Tecnólogo | E30: 1 | F30: 1 | G30: 1 | H30: 1 | I30: 1 | J30: 1 | K30: 1 | L30: 1 | M30: 1 | N30: 1 | O30: 1 | P30: 1 | Q30: 1 | R30: 1 | S30: 1 | T30: 1 | U30: 1 | V30: 1 | W30: 1 | X30: 1 | Y30: 1 | Z30: 1 | AA30: 1 | AB30: 1
B32: Produto 02 - Assessoramento Técnico à Gestão de Execução de Obras Públicas | C32: Atividade 1.1 – Apoiar a elaboração, análise e revisão de relatórios diários de obras segundo as diretrizes da área técnica | D32: Engenheiro Civil Sênior | E32: 0.5 | F32: 0.5 | G32: 0.5 | H32: 0.5 | I32: 0.5 | J32: 0.5 | K32: 0.5 | L32: 0.5 | M32: 0.5 | N32: 0.5 | O32: 0.5 | P32: 0.5 | Q32: 0.5 | R32: 0.5 | S32: 0.5 | T32: 0.5 | U32: 0.5 | V32: 0.5 | W32: 0.5 | X32: 0.5 | Y32: 0.5 | Z32: 0.5 | AA32: 0.5 | AB32: 0.5
D33: Engenheiro Civil Pleno
D34: Engenheiro Civil Júnior | E34: 2.5 | F34: 2.5 | G34: 2.5 | H34: 2.5 | I34: 2.5 | J34: 2.5 | K34: 2.5 | L34: 2.5 | M34: 2.5 | N34: 2.5 | O34: 2.5 | P34: 2.5 | Q34: 2.5 | R34: 2.5 | S34: 2.5 | T34: 2.5 | U34: 2.5 | V34: 2.5 | W34: 2.5 | X34: 2.5 | Y34: 2.5 | Z34: 2.5 | AA34: 2.5 | AB34: 2.5
C35: Atividade 1.2 – Apoiar a elaboração, análise e revisão de relatórios de gestão de contratos de obras de infraestrutura | D35: Engenheiro Civil Sênior | E35: 1 | F35: 1 | G35: 1 | H35: 1 | I35: 1 | J35: 1 | K35: 1 | L35: 1 | M35: 1 | N35: 1 | O35: 1 | P35: 1 | Q35: 1 | R35: 1 | S35: 1 | T35: 1 | U35: 1 | V35: 1 | W35: 1 | X35: 1 | Y35: 1 | Z35: 1 | AA35: 1 | AB35: 1
D36: Engenheiro Civil Pleno
D37: Engenheiro Civil Júnior | E37: 0.75 | F37: 0.75 | G37: 0.75 | H37: 0.75 | I37: 0.75 | J37: 0.75 | K37: 0.75 | L37: 0.75 | M37: 0.75 | N37: 0.75 | O37: 0.75 | P37: 0.75 | Q37: 0.75 | R37: 0.75 | S37: 0.75 | T37: 0.75 | U37: 0.75 | V37: 0.75 | W37: 0.75 | X37: 0.75 | Y37: 0.75 | Z37: 0.75 | AA37: 0.75 | AB37: 0.75
C38: Atividade 1.3 – Apoiar a elaboração e análise de medição de contratos de obras de engenharia | D38: Engenheiro Civil Sênior | E38: 0.5 | F38: 0.5 | G38: 0.5 | H38: 0.5 | I38: 0.5 | J38: 0.5 | K38: 0.5 | L38: 0.5 | M38: 0.5 | N38: 0.5 | O38: 0.5 | P38: 0.5 | Q38: 0.5 | R38: 0.5 | S38: 0.5 | T38: 0.5 | U38: 0.5 | V38: 0.5 | W38: 0.5 | X38: 0.5 | Y38: 0.5 | Z38: 0.5 | AA38: 0.5 | AB38: 0.5
D39: Engenheiro Civil Pleno
D40: Engenheiro Civil Júnior | E40: 0.75 | F40: 0.75 | G40: 0.75 | H40: 0.75 | I40: 0.75 | J40: 0.75 | K40: 0.75 | L40: 0.75 | M40: 0.75 | N40: 0.75 | O40: 0.75 | P40: 0.75 | Q40: 0.75 | R40: 0.75 | S40: 0.75 | T40: 0.75 | U40: 0.75 | V40: 0.75 | W40: 0.75 | X40: 0.75 | Y40: 0.75 | Z40: 0.75 | AA40: 0.75 | AB40: 0.75
B42: Produto 03 - Assessoramento Técnico à Elaboração de Projetos e Orçamentos de Obras | C42: Atividade 1.1 – Apoiar a elaboração e análise de projetos de infraestrutura | D42: Engenheiro Eletricista Sênior
D43: Engenheiro Eletricista Pleno | E43: 0.5 | F43: 0.5 | G43: 0.5 | H43: 0.5 | I43: 0.5 | J43: 0.5 | K43: 0.5 | L43: 0.5 | M43: 0.5 | N43: 0.5 | O43: 0.5 | P43: 0.5 | Q43: 0.5 | R43: 0.5 | S43: 0.5 | T43: 0.5 | U43: 0.5 | V43: 0.5 | W43: 0.5 | X43: 0.5 | Y43: 0.5 | Z43: 0.5 | AA43: 0.5 | AB43: 0.5
D44: Engenheiro Eletricista Júnior
D45: Engenheiro Mecânico Sênior
D46: Engenheiro Mecânico Pleno | E46: 0.5 | F46: 0.5 | G46: 0.5 | H46: 0.5 | I46: 0.5 | J46: 0.5 | K46: 0.5 | L46: 0.5 | M46: 0.5 | N46: 0.5 | O46: 0.5 | P46: 0.5 | Q46: 0.5 | R46: 0.5 | S46: 0.5 | T46: 0.5 | U46: 0.5 | V46: 0.5 | W46: 0.5 | X46: 0.5 | Y46: 0.5 | Z46: 0.5 | AA46: 0.5 | AB46: 0.5
D47: Engenheiro Mecânico Júnior
D48: Arquiteto Sênior
D49: Arquiteto Pleno | E49: 0.5 | F49: 0.5 | G49: 0.5 | H49: 0.5 | I49: 0.5 | J49: 0.5 | K49: 0.5 | L49: 0.5 | M49: 0.5 | N49: 0.5 | O49: 0.5 | P49: 0.5 | Q49: 0.5 | R49: 0.5 | S49: 0.5 | T49: 0.5 | U49: 0.5 | V49: 0.5 | W49: 0.5 | X49: 0.5 | Y49: 0.5 | Z49: 0.5 | AA49: 0.5 | AB49: 0.5
D50: Arquiteto Júnior | E50: 0.5 | F50: 0.5 | G50: 0.5 | H50: 0.5 | I50: 0.5 | J50: 0.5 | K50: 0.5 | L50: 0.5 | M50: 0.5 | N50: 0.5 | O50: 0.5 | P50: 0.5 | Q50: 0.5 | R50: 0.5 | S50: 0.5 | T50: 0.5 | U50: 0.5 | V50: 0.5 | W50: 0.5 | X50: 0.5 | Y50: 0.5 | Z50: 0.5 | AA50: 0.5 | AB50: 0.5
D51: Engenheiro Civil Sênior | E51: 0.25 | F51: 0.25 | G51: 0.25 | H51: 0.25 | I51: 0.25 | J51: 0.25 | K51: 0.25 | L51: 0.25 | M51: 0.25 | N51: 0.25 | O51: 0.25 | P51: 0.25 | Q51: 0.25 | R51: 0.25 | S51: 0.25 | T51: 0.25 | U51: 0.25 | V51: 0.25 | W51: 0.25 | X51: 0.25 | Y51: 0.25 | Z51: 0.25 | AA51: 0.25 | AB51: 0.25
D52: Engenheiro Civil Pleno | E52: 0.25 | F52: 0.25 | G52: 0.25 | H52: 0.25 | I52: 0.25 | J52: 0.25 | K52: 0.25 | L52: 0.25 | M52: 0.25 | N52: 0.25 | O52: 0.25 | P52: 0.25 | Q52: 0.25 | R52: 0.25 | S52: 0.25 | T52: 0.25 | U52: 0.25 | V52: 0.25 | W52: 0.25 | X52: 0.25 | Y52: 0.25 | Z52: 0.25 | AA52: 0.25 | AB52: 0.25
D53: Engenheiro Civil Júnior | E53: 0.25 | F53: 0.25 | G53: 0.25 | H53: 0.25 | I53: 0.25 | J53: 0.25 | K53: 0.25 | L53: 0.25 | M53: 0.25 | N53: 0.25 | O53: 0.25 | P53: 0.25 | Q53: 0.25 | R53: 0.25 | S53: 0.25 | T53: 0.25 | U53: 0.25 | V53: 0.25 | W53: 0.25 | X53: 0.25 | Y53: 0.25 | Z53: 0.25 | AA53: 0.25 | AB53: 0.25
C54: Atividade 1.2 – Apoiar a elaboração, análise e revisão de relatórios de projetos de infraestrutura para subsidiar suas aprovações | D54: Engenheiro Civil Sênior
D55: Engenheiro Civil Pleno | E55: 0.25 | F55: 0.25 | G55: 0.25 | H55: 0.25 | I55: 0.25 | J55: 0.25 | K55: 0.25 | L55: 0.25 | M55: 0.25 | N55: 0.25 | O55: 0.25 | P55: 0.25 | Q55: 0.25 | R55: 0.25 | S55: 0.25 | T55: 0.25 | U55: 0.25 | V55: 0.25 | W55: 0.25 | X55: 0.25 | Y55: 0.25 | Z55: 0.25 | AA55: 0.25 | AB55: 0.25
D56: Engenheiro Civil Júnior | E56: 0.25 | F56: 0.25 | G56: 0.25 | H56: 0.25 | I56: 0.25 | J56: 0.25 | K56: 0.25 | L56: 0.25 | M56: 0.25 | N56: 0.25 | O56: 0.25 | P56: 0.25 | Q56: 0.25 | R56: 0.25 | S56: 0.25 | T56: 0.25 | U56: 0.25 | V56: 0.25 | W56: 0.25 | X56: 0.25 | Y56: 0.25 | Z56: 0.25 | AA56: 0.25 | AB56: 0.25
C57: Atividade 1.3 – Apoiar a elaboração, análise e revisão de documentação de planejamento de contratações de projetos de infraestrutura | D57: Engenheiro Civil Sênior
D58: Engenheiro Civil Pleno | E58: 0.15 | F58: 0.15 | G58: 0.15 | H58: 0.15 | I58: 0.15 | J58: 0.15 | K58: 0.15 | L58: 0.15 | M58: 0.15 | N58: 0.15 | O58: 0.15 | P58: 0.15 | Q58: 0.15 | R58: 0.15 | S58: 0.15 | T58: 0.15 | U58: 0.15 | V58: 0.15 | W58: 0.15 | X58: 0.15 | Y58: 0.15 | Z58: 0.15 | AA58: 0.15 | AB58: 0.15
D59: Engenheiro Civil Júnior | E59: 0.15 | F59: 0.15 | G59: 0.15 | H59: 0.15 | I59: 0.15 | J59: 0.15 | K59: 0.15 | L59: 0.15 | M59: 0.15 | N59: 0.15 | O59: 0.15 | P59: 0.15 | Q59: 0.15 | R59: 0.15 | S59: 0.15 | T59: 0.15 | U59: 0.15 | V59: 0.15 | W59: 0.15 | X59: 0.15 | Y59: 0.15 | Z59: 0.15 | AA59: 0.15 | AB59: 0.15
C60: Atividade 1.4 – Apoiar a elaboração e revisão de relatórios de análise e/ou fiscalização de projetos de infraestrutura | D60: Engenheiro Eletricista Sênior
D61: Engenheiro Eletricista Pleno | E61: 0.5 | F61: 0.5 | G61: 0.5 | H61: 0.5 | I61: 0.5 | J61: 0.5 | K61: 0.5 | L61: 0.5 | M61: 0.5 | N61: 0.5 | O61: 0.5 | P61: 0.5 | Q61: 0.5 | R61: 0.5 | S61: 0.5 | T61: 0.5 | U61: 0.5 | V61: 0.5 | W61: 0.5 | X61: 0.5 | Y61: 0.5 | Z61: 0.5 | AA61: 0.5 | AB61: 0.5
D62: Engenheiro Eletricista Júnior
D63: Engenheiro Mecânico Sênior
D64: Engenheiro Mecânico Pleno | E64: 0.5 | F64: 0.5 | G64: 0.5 | H64: 0.5 | I64: 0.5 | J64: 0.5 | K64: 0.5 | L64: 0.5 | M64: 0.5 | N64: 0.5 | O64: 0.5 | P64: 0.5 | Q64: 0.5 | R64: 0.5 | S64: 0.5 | T64: 0.5 | U64: 0.5 | V64: 0.5 | W64: 0.5 | X64: 0.5 | Y64: 0.5 | Z64: 0.5 | AA64: 0.5 | AB64: 0.5
D65: Engenheiro Mecânico Júnior
D66: Arquiteto Sênior
D67: Arquiteto Pleno | E67: 0.5 | F67: 0.5 | G67: 0.5 | H67: 0.5 | I67: 0.5 | J67: 0.5 | K67: 0.5 | L67: 0.5 | M67: 0.5 | N67: 0.5 | O67: 0.5 | P67: 0.5 | Q67: 0.5 | R67: 0.5 | S67: 0.5 | T67: 0.5 | U67: 0.5 | V67: 0.5 | W67: 0.5 | X67: 0.5 | Y67: 0.5 | Z67: 0.5 | AA67: 0.5 | AB67: 0.5
D68: Arquiteto Júnior | E68: 0.5 | F68: 0.5 | G68: 0.5 | H68: 0.5 | I68: 0.5 | J68: 0.5 | K68: 0.5 | L68: 0.5 | M68: 0.5 | N68: 0.5 | O68: 0.5 | P68: 0.5 | Q68: 0.5 | R68: 0.5 | S68: 0.5 | T68: 0.5 | U68: 0.5 | V68: 0.5 | W68: 0.5 | X68: 0.5 | Y68: 0.5 | Z68: 0.5 | AA68: 0.5 | AB68: 0.5
D69: Engenheiro Civil Sênior | E69: 0.25 | F69: 0.25 | G69: 0.25 | H69: 0.25 | I69: 0.25 | J69: 0.25 | K69: 0.25 | L69: 0.25 | M69: 0.25 | N69: 0.25 | O69: 0.25 | P69: 0.25 | Q69: 0.25 | R69: 0.25 | S69: 0.25 | T69: 0.25 | U69: 0.25 | V69: 0.25 | W69: 0.25 | X69: 0.25 | Y69: 0.25 | Z69: 0.25 | AA69: 0.25 | AB69: 0.25
D70: Engenheiro Civil Pleno | E70: 0.25 | F70: 0.25 | G70: 0.25 | H70: 0.25 | I70: 0.25 | J70: 0.25 | K70: 0.25 | L70: 0.25 | M70: 0.25 | N70: 0.25 | O70: 0.25 | P70: 0.25 | Q70: 0.25 | R70: 0.25 | S70: 0.25 | T70: 0.25 | U70: 0.25 | V70: 0.25 | W70: 0.25 | X70: 0.25 | Y70: 0.25 | Z70: 0.25 | AA70: 0.25 | AB70: 0.25
D71: Engenheiro Civil Júnior | E71: 0.1 | F71: 0.1 | G71: 0.1 | H71: 0.1 | I71: 0.1 | J71: 0.1 | K71: 0.1 | L71: 0.1 | M71: 0.1 | N71: 0.1 | O71: 0.1 | P71: 0.1 | Q71: 0.1 | R71: 0.1 | S71: 0.1 | T71: 0.1 | U71: 0.1 | V71: 0.1 | W71: 0.1 | X71: 0.1 | Y71: 0.1 | Z71: 0.1 | AA71: 0.1 | AB71: 0.1
C72: Atividade 1.5 – Apoiar a elaboração e análise de medição de contratos de projetos de engenharia | D72: Engenheiro Civil Sênior
D73: Engenheiro Civil Pleno
D74: Engenheiro Civil Júnior | E74: 0.25 | F74: 0.25 | G74: 0.25 | H74: 0.25 | I74: 0.25 | J74: 0.25 | K74: 0.25 | L74: 0.25 | M74: 0.25 | N74: 0.25 | O74: 0.25 | P74: 0.25 | Q74: 0.25 | R74: 0.25 | S74: 0.25 | T74: 0.25 | U74: 0.25 | V74: 0.25 | W74: 0.25 | X74: 0.25 | Y74: 0.25 | Z74: 0.25 | AA74: 0.25 | AB74: 0.25
C75: Atividade 1.6 – Apoiar a implementação da metodologia BIM (Building Information Modeling) nos projetos de infraestrutura, inclusive no apoio para elaboração de diretrizes legais que cercam o tema junto à Administração Pública | D75: Engenheiro Civil Sênior | E75: 0.5 | F75: 0.5 | G75: 0.5 | H75: 0.5 | I75: 0.5 | J75: 0.5 | K75: 0.5 | L75: 0.5 | M75: 0.5 | N75: 0.5 | O75: 0.5 | P75: 0.5 | Q75: 0.5 | R75: 0.5 | S75: 0.5 | T75: 0.5 | U75: 0.5 | V75: 0.5 | W75: 0.5 | X75: 0.5 | Y75: 0.5 | Z75: 0.5 | AA75: 0.5 | AB75: 0.5
D76: Engenheiro Civil Pleno | E76: 0.1 | F76: 0.1 | G76: 0.1 | H76: 0.1 | I76: 0.1 | J76: 0.1 | K76: 0.1 | L76: 0.1 | M76: 0.1 | N76: 0.1 | O76: 0.1 | P76: 0.1 | Q76: 0.1 | R76: 0.1 | S76: 0.1 | T76: 0.1 | U76: 0.1 | V76: 0.1 | W76: 0.1 | X76: 0.1 | Y76: 0.1 | Z76: 0.1 | AA76: 0.1 | AB76: 0.1
D77: Engenheiro Civil Júnior
B79: Produto 04 - Assessoramento Técnico à Gestão de Planejamento Habitacional | C79: Atividade 1.1 – Apoiar a elaboração, análise e revisão de processos de Regularização Fundiária de Interesse Social dos imóveis urbanos de domínio do Estado de Goiás, avaliando a conveniência e oportunidade para decisão de instauração do procedimento de regularização; | D79: Advogado Sênior | E79: 0.5 | F79: 0.5 | G79: 0.5 | H79: 0.5 | I79: 0.5 | J79: 0.5 | K79: 0.5 | L79: 0.5 | M79: 0.5 | N79: 0.5 | O79: 0.5 | P79: 0.5 | Q79: 0.5 | R79: 0.5 | S79: 0.5 | T79: 0.5 | U79: 0.5 | V79: 0.5 | W79: 0.5 | X79: 0.5 | Y79: 0.5 | Z79: 0.5 | AA79: 0.5 | AB79: 0.5
D80: Advogado Pleno | E80: 0.5 | F80: 0.5 | G80: 0.5 | H80: 0.5 | I80: 0.5 | J80: 0.5 | K80: 0.5 | L80: 0.5 | M80: 0.5 | N80: 0.5 | O80: 0.5 | P80: 0.5 | Q80: 0.5 | R80: 0.5 | S80: 0.5 | T80: 0.5 | U80: 0.5 | V80: 0.5 | W80: 0.5 | X80: 0.5 | Y80: 0.5 | Z80: 0.5 | AA80: 0.5 | AB80: 0.5
C81: Atividade 1.2 – Apoiar a elaboração, análise e revisão de Programas, Planos e Relatórios de políticas públicas habitacionais de interesse social, para subsidiar decisões administrativas; | D81: Engenheiro Civil Sênior | E81: 0.5 | F81: 0.5 | G81: 0.5 | H81: 0.5 | I81: 0.5 | J81: 0.5 | K81: 0.5 | L81: 0.5 | M81: 0.5 | N81: 0.5 | O81: 0.5 | P81: 0.5 | Q81: 0.5 | R81: 0.5 | S81: 0.5 | T81: 0.5 | U81: 0.5 | V81: 0.5 | W81: 0.5 | X81: 0.5 | Y81: 0.5 | Z81: 0.5 | AA81: 0.5 | AB81: 0.5
D82: Engenheiro Civil Pleno | E82: 0.75 | F82: 0.75 | G82: 0.75 | H82: 0.75 | I82: 0.75 | J82: 0.75 | K82: 0.75 | L82: 0.75 | M82: 0.75 | N82: 0.75 | O82: 0.75 | P82: 0.75 | Q82: 0.75 | R82: 0.75 | S82: 0.75 | T82: 0.75 | U82: 0.75 | V82: 0.75 | W82: 0.75 | X82: 0.75 | Y82: 0.75 | Z82: 0.75 | AA82: 0.75 | AB82: 0.75
D83: Engenheiro Civil Júnior | E83: 0.25 | F83: 0.25 | G83: 0.25 | H83: 0.25 | I83: 0.25 | J83: 0.25 | K83: 0.25 | L83: 0.25 | M83: 0.25 | N83: 0.25 | O83: 0.25 | P83: 0.25 | Q83: 0.25 | R83: 0.25 | S83: 0.25 | T83: 0.25 | U83: 0.25 | V83: 0.25 | W83: 0.25 | X83: 0.25 | Y83: 0.25 | Z83: 0.25 | AA83: 0.25 | AB83: 0.25
D84: Arquiteto Sênior
D85: Arquiteto Pleno
D86: Arquiteto Júnior | E86: 0.5 | F86: 0.5 | G86: 0.5 | H86: 0.5 | I86: 0.5 | J86: 0.5 | K86: 0.5 | L86: 0.5 | M86: 0.5 | N86: 0.5 | O86: 0.5 | P86: 0.5 | Q86: 0.5 | R86: 0.5 | S86: 0.5 | T86: 0.5 | U86: 0.5 | V86: 0.5 | W86: 0.5 | X86: 0.5 | Y86: 0.5 | Z86: 0.5 | AA86: 0.5 | AB86: 0.5
C87: Atividade 1.3 – Apoiar a elaboração, análise e revisão de documentação administrativa e técnica referente à tramitação de projetos de lei, decretos e outras normativas legais; | D87: Engenheiro Civil Sênior
D88: Engenheiro Civil Pleno
D89: Engenheiro Civil Júnior | E89: 0.25 | F89: 0.25 | G89: 0.25 | H89: 0.25 | I89: 0.25 | J89: 0.25 | K89: 0.25 | L89: 0.25 | M89: 0.25 | N89: 0.25 | O89: 0.25 | P89: 0.25 | Q89: 0.25 | R89: 0.25 | S89: 0.25 | T89: 0.25 | U89: 0.25 | V89: 0.25 | W89: 0.25 | X89: 0.25 | Y89: 0.25 | Z89: 0.25 | AA89: 0.25 | AB89: 0.25
C90: Atividade 1.4 – Apoiar a elaboração, análise e revisão de despachos, ofícios, pareceres e demais expedientes no âmbito dos processos administrativos; | D90: Engenheiro Civil Sênior
D91: Engenheiro Civil Pleno | E91: 0.25 | F91: 0.25 | G91: 0.25 | H91: 0.25 | I91: 0.25 | J91: 0.25 | K91: 0.25 | L91: 0.25 | M91: 0.25 | N91: 0.25 | O91: 0.25 | P91: 0.25 | Q91: 0.25 | R91: 0.25 | S91: 0.25 | T91: 0.25 | U91: 0.25 | V91: 0.25 | W91: 0.25 | X91: 0.25 | Y91: 0.25 | Z91: 0.25 | AA91: 0.25 | AB91: 0.25
D92: Engenheiro Civil Júnior | E92: 0.25 | F92: 0.25 | G92: 0.25 | H92: 0.25 | I92: 0.25 | J92: 0.25 | K92: 0.25 | L92: 0.25 | M92: 0.25 | N92: 0.25 | O92: 0.25 | P92: 0.25 | Q92: 0.25 | R92: 0.25 | S92: 0.25 | T92: 0.25 | U92: 0.25 | V92: 0.25 | W92: 0.25 | X92: 0.25 | Y92: 0.25 | Z92: 0.25 | AA92: 0.25 | AB92: 0.25
C93: Atividade 1.5 – Apoiar a elaboração, análise e revisão de estudos de viabilidade para implantação de loteamentos. | D93: Engenheiro Civil Sênior | E93: 0.5 | F93: 0.5 | G93: 0.5 | H93: 0.5 | I93: 0.5 | J93: 0.5 | K93: 0.5 | L93: 0.5 | M93: 0.5 | N93: 0.5 | O93: 0.5 | P93: 0.5 | Q93: 0.5 | R93: 0.5 | S93: 0.5 | T93: 0.5 | U93: 0.5 | V93: 0.5 | W93: 0.5 | X93: 0.5 | Y93: 0.5 | Z93: 0.5 | AA93: 0.5 | AB93: 0.5
D94: Engenheiro Civil Pleno | E94: 1 | F94: 1 | G94: 1 | H94: 1 | I94: 1 | J94: 1 | K94: 1 | L94: 1 | M94: 1 | N94: 1 | O94: 1 | P94: 1 | Q94: 1 | R94: 1 | S94: 1 | T94: 1 | U94: 1 | V94: 1 | W94: 1 | X94: 1 | Y94: 1 | Z94: 1 | AA94: 1 | AB94: 1
D95: Engenheiro Civil Júnior | E95: 0.25 | F95: 0.25 | G95: 0.25 | H95: 0.25 | I95: 0.25 | J95: 0.25 | K95: 0.25 | L95: 0.25 | M95: 0.25 | N95: 0.25 | O95: 0.25 | P95: 0.25 | Q95: 0.25 | R95: 0.25 | S95: 0.25 | T95: 0.25 | U95: 0.25 | V95: 0.25 | W95: 0.25 | X95: 0.25 | Y95: 0.25 | Z95: 0.25 | AA95: 0.25 | AB95: 0.25
D96: Arquiteto Sênior
D97: Arquiteto Pleno
D98: Arquiteto Júnior | E98: 0.5 | F98: 0.5 | G98: 0.5 | H98: 0.5 | I98: 0.5 | J98: 0.5 | K98: 0.5 | L98: 0.5 | M98: 0.5 | N98: 0.5 | O98: 0.5 | P98: 0.5 | Q98: 0.5 | R98: 0.5 | S98: 0.5 | T98: 0.5 | U98: 0.5 | V98: 0.5 | W98: 0.5 | X98: 0.5 | Y98: 0.5 | Z98: 0.5 | AA98: 0.5 | AB98: 0.5
B100: Produto 05 - Assessoramento Técnico à Gestão de Planejamento de Saneamento | C100: Atividade 1.1 – Apoiar a elaboração, análise e revisão de Programas, Planos e Relatórios de políticas públicas de saneamento
D101: Geólogo Sênior | E101: 0.5 | F101: 0.5 | G101: 0.5 | H101: 0.5 | I101: 0.5 | J101: 0.5 | K101: 0.5 | L101: 0.5 | M101: 0.5 | N101: 0.5 | O101: 0.5 | P101: 0.5 | Q101: 0.5 | R101: 0.5 | S101: 0.5 | T101: 0.5 | U101: 0.5 | V101: 0.5 | W101: 0.5 | X101: 0.5 | Y101: 0.5 | Z101: 0.5 | AA101: 0.5 | AB101: 0.5
D102: Economista Sênior | E102: 0.25 | F102: 0.25 | G102: 0.25 | H102: 0.25 | I102: 0.25 | J102: 0.25 | K102: 0.25 | L102: 0.25 | M102: 0.25 | N102: 0.25 | O102: 0.25 | P102: 0.25 | Q102: 0.25 | R102: 0.25 | S102: 0.25 | T102: 0.25 | U102: 0.25 | V102: 0.25 | W102: 0.25 | X102: 0.25 | Y102: 0.25 | Z102: 0.25 | AA102: 0.25 | AB102: 0.25
C103: Atividade 1.2 – Apoiar o levantamento de áreas/zonas indicadas pelo programa de saneamento, avaliando a conveniência e oportunidade para implantação do Programa de Saneamento Rural
D104: Geólogo Sênior | E104: 0.25 | F104: 0.25 | G104: 0.25 | H104: 0.25 | I104: 0.25 | J104: 0.25 | K104: 0.25 | L104: 0.25 | M104: 0.25 | N104: 0.25 | O104: 0.25 | P104: 0.25 | Q104: 0.25 | R104: 0.25 | S104: 0.25 | T104: 0.25 | U104: 0.25 | V104: 0.25 | W104: 0.25 | X104: 0.25 | Y104: 0.25 | Z104: 0.25 | AA104: 0.25 | AB104: 0.25
D105: Economista Sênior | E105: 0.25 | F105: 0.25 | G105: 0.25 | H105: 0.25 | I105: 0.25 | J105: 0.25 | K105: 0.25 | L105: 0.25 | M105: 0.25 | N105: 0.25 | O105: 0.25 | P105: 0.25 | Q105: 0.25 | R105: 0.25 | S105: 0.25 | T105: 0.25 | U105: 0.25 | V105: 0.25 | W105: 0.25 | X105: 0.25 | Y105: 0.25 | Z105: 0.25 | AA105: 0.25 | AB105: 0.25
C106: Atividade 1.3 – Apoiar a elaboração e análise de estudos de prospecção e pós-prospecção de poços tubulares profundos (PTP) e poços artesianos para subsidiar a a aprovação dos estudos e a elaboração de projetos de engenharia de abastecimento de água e esgoto | D106: Geólogo Sênior | E106: 0.5 | F106: 0.5 | G106: 0.5 | H106: 0.5 | I106: 0.5 | J106: 0.5 | K106: 0.5 | L106: 0.5 | M106: 0.5 | N106: 0.5 | O106: 0.5 | P106: 0.5 | Q106: 0.5 | R106: 0.5 | S106: 0.5 | T106: 0.5 | U106: 0.5 | V106: 0.5 | W106: 0.5 | X106: 0.5 | Y106: 0.5 | Z106: 0.5 | AA106: 0.5 | AB106: 0.5
D107: Engenheiro Civil Pleno | E107: 0.5 | F107: 0.5 | G107: 0.5 | H107: 0.5 | I107: 0.5 | J107: 0.5 | K107: 0.5 | L107: 0.5 | M107: 0.5 | N107: 0.5 | O107: 0.5 | P107: 0.5 | Q107: 0.5 | R107: 0.5 | S107: 0.5 | T107: 0.5 | U107: 0.5 | V107: 0.5 | W107: 0.5 | X107: 0.5 | Y107: 0.5 | Z107: 0.5 | AA107: 0.5 | AB107: 0.5
...

Sheet TOTAL PROFISSIONAIS
B1: LEVANTAMENTO TOTAL DE PROFISSIONAIS POR PRODUTOS
B4: OBJETO: | C4: ='CURVA ABC DE SERVIÇOS'!C3 -> Contratação de empresa, ou consórcio de empresas, com prática na execução de serviços técnicos especializados, de caráter subsidiário e temporário em assessoramento nas áreas de engenharia, arquitetura, jurídica e apoio na gestão de ações e projetos no âmbito da Secretaria de Estado da Infraestrutura – SEINFRA | I4: DATA: | J4: ='CURVA ABC DE SERVIÇOS'!J3 -> 10/12/2024
B5: LOCAL: | C5: ='CURVA ABC DE SERVIÇOS'!C4 -> Rua 05, n. 833, Quadra C5, Lote 23, Setor Oeste, Goiânia - GO | I5: REVISÃO: | J5: ='CURVA ABC DE SERVIÇOS'!J4 -> 00
B7: PROFISSIONAIS | D7: PRODUTOS
D8: Produto 01 - Assessoramento Técnico à Gestão de Planejamento de Obras Públicas | E8: Produto 02 - Assessoramento Técnico à Gestão de Execução de Obras Públicas | F8: Produto 03 - Assessoramento Técnico à Elaboração de Projetos e Orçamentos de Obras | G8: Produto 04 - Assessoramento Técnico à Gestão de Planejamento Habitacional | H8: Produto 05 - Assessoramento Técnico à Gestão de Planejamento de Saneamento | I8: Produto 06 - Assessoramento Técnico à Gestão de Controle Interno | J8: TOTAL
B9: Engenheiro Civil Júnior | D9: ='ALOCAÇÃO DE EQUIPES'!E11+'ALOCAÇÃO DE EQUIPES'!E14+'ALOCAÇÃO DE EQUIPES'!E17+'ALOCAÇÃO DE EQUIPES'!E21+'ALOCAÇÃO DE EQUIPES'!E27 -> 4 | E9: ='ALOCAÇÃO DE EQUIPES'!E34+'ALOCAÇÃO DE EQUIPES'!E37+'ALOCAÇÃO DE EQUIPES'!E40 -> 4 | F9: =+'ALOCAÇÃO DE EQUIPES'!E53+'ALOCAÇÃO DE EQUIPES'!E56+'ALOCAÇÃO DE EQUIPES'!E59+'ALOCAÇÃO DE EQUIPES'!E71+'ALOCAÇÃO DE EQUIPES'!E74 -> 1 | G9: ='ALOCAÇÃO DE EQUIPES'!E83+'ALOCAÇÃO DE EQUIPES'!E89+'ALOCAÇÃO DE EQUIPES'!E92+'ALOCAÇÃO DE EQUIPES'!E95 -> 1 | I9: =+'ALOCAÇÃO DE EQUIPES'!E115+'ALOCAÇÃO DE EQUIPES'!E118+'ALOCAÇÃO DE EQUIPES'!E121+'ALOCAÇÃO DE EQUIPES'!E124 -> 1 | J9: =SUM(D9:I9) -> 11
B10: Engenheiro Civil Pleno | D10: =+'ALOCAÇÃO DE EQUIPES'!E10+'ALOCAÇÃO DE EQUIPES'!E13+'ALOCAÇÃO DE EQUIPES'!E16+'ALOCAÇÃO DE EQUIPES'!E20+'ALOCAÇÃO DE EQUIPES'!E26+'ALOCAÇÃO DE EQUIPES'!E29 -> 6 | F10: =+'ALOCAÇÃO DE EQUIPES'!E52+'ALOCAÇÃO DE EQUIPES'!E55+'ALOCAÇÃO DE EQUIPES'!E58+'ALOCAÇÃO DE EQUIPES'!E70+'ALOCAÇÃO DE EQUIPES'!E73+'ALOCAÇÃO DE EQUIPES'!E76 -> 1 | G10: =+'ALOCAÇÃO DE EQUIPES'!E82+'ALOCAÇÃO DE EQUIPES'!E88+'ALOCAÇÃO DE EQUIPES'!E91+'ALOCAÇÃO DE EQUIPES'!E94 -> 2 | H10: =+'ALOCAÇÃO DE EQUIPES'!E107+'ALOCAÇÃO DE EQUIPES'!E109 -> 1 | I10: =+'ALOCAÇÃO DE EQUIPES'!E114+'ALOCAÇÃO DE EQUIPES'!E117+'ALOCAÇÃO DE EQUIPES'!E120+'ALOCAÇÃO DE EQUIPES'!E123 -> 2 | J10: =SUM(D10:I10) -> 12
B11: Engenheiro Civil Sênior | D11: =+'ALOCAÇÃO DE EQUIPES'!E9+'ALOCAÇÃO DE EQUIPES'!E12+'ALOCAÇÃO DE EQUIPES'!E15+'ALOCAÇÃO DE EQUIPES'!E19+'ALOCAÇÃO DE EQUIPES'!E25+'ALOCAÇÃO DE EQUIPES'!E28 -> 1 | E11: =+'ALOCAÇÃO DE EQUIPES'!E32+'ALOCAÇÃO DE EQUIPES'!E35+'ALOCAÇÃO DE EQUIPES'!E38 -> 2 | F11: =+'ALOCAÇÃO DE EQUIPES'!E51+'ALOCAÇÃO DE EQUIPES'!E54+'ALOCAÇÃO DE EQUIPES'!E57+'ALOCAÇÃO DE EQUIPES'!E69+'ALOCAÇÃO DE EQUIPES'!E72+'ALOCAÇÃO DE EQUIPES'!E75 -> 1 | G11: =+'ALOCAÇÃO DE EQUIPES'!E81+'ALOCAÇÃO DE EQUIPES'!E87+'ALOCAÇÃO DE EQUIPES'!E90+'ALOCAÇÃO DE EQUIPES'!E93 -> 1 | I11: =+'ALOCAÇÃO DE EQUIPES'!E113+'ALOCAÇÃO DE EQUIPES'!E116+'ALOCAÇÃO DE EQUIPES'!E119+'ALOCAÇÃO DE EQUIPES'!E122 -> 1 | J11: =SUM(D11:I11) -> 6
B12: Engenheiro Ambiental Júnior | D12: =+'ALOCAÇÃO DE EQUIPES'!E24 -> 0 | J12: =SUM(D12:I12) -> 0
B13: Engenheiro Ambiental Pleno | D13: =+'ALOCAÇÃO DE EQUIPES'!E18+'ALOCAÇÃO DE EQUIPES'!E23 -> 1 | J13: =SUM(D13:I13) -> 1
B14: Engenheiro Ambiental Sênior | J14: =SUM(D14:I14) -> 0
B15: Engenheiro Eletricista Júnior | J15: =SUM(D15:I15) -> 0
B16: Engenheiro Eletricista Pleno | F16: =+'ALOCAÇÃO DE EQUIPES'!E43+'ALOCAÇÃO DE EQUIPES'!E61 -> 1 | J16: =SUM(D16:I16) -> 1
B17: Engenheiro Eletricista Sênior | J17: =SUM(D17:I17) -> 0
B18: Engenheiro Mecânico Júnior | J18: =SUM(D18:I18) -> 0
B19: Engenheiro Mecânico Pleno | F19: =+'ALOCAÇÃO DE EQUIPES'!E46+'ALOCAÇÃO DE EQUIPES'!E64 -> 1 | J19: =SUM(D19:I19) -> 1
B20: Engenheiro MecânicoJúnior | J20: =SUM(D20:I20) -> 0
B21: Arquiteto Júnior | F21: =+'ALOCAÇÃO DE EQUIPES'!E50+'ALOCAÇÃO DE EQUIPES'!E68 -> 1 | G21: =+'ALOCAÇÃO DE EQUIPES'!E86+'ALOCAÇÃO DE EQUIPES'!E98 -> 1 | J21: =SUM(D21:I21) -> 2
B22: Arquiteto Pleno | F22: =+'ALOCAÇÃO DE EQUIPES'!E49+'ALOCAÇÃO DE EQUIPES'!E67 -> 1 | J22: =SUM(D22:I22) -> 1
B23: Advogado Júnior | J23: =SUM(D23:I23) -> 0
B24: Advogado Pleno | G24: =+'ALOCAÇÃO DE EQUIPES'!E79 -> 0.5 | J24: =SUM(D24:I24) -> 0.5
B25: Advogado Sênior | G25: =+'ALOCAÇÃO DE EQUIPES'!E80 -> 0.5 | J25: =SUM(D25:I25) -> 0.5
B26: Geólogo Sênior | H26: =+'ALOCAÇÃO DE EQUIPES'!E101+'ALOCAÇÃO DE EQUIPES'!E104+'ALOCAÇÃO DE EQUIPES'!E106+'ALOCAÇÃO DE EQUIPES'!E110 -> 2 | J26: =SUM(D26:I26) -> 2
B27: Economista Sênior | H27: =+'ALOCAÇÃO DE EQUIPES'!E102+'ALOCAÇÃO DE EQUIPES'!E105+'ALOCAÇÃO DE EQUIPES'!E108+'ALOCAÇÃO DE EQUIPES'!E111 -> 1 | J27: =SUM(D27:I27) -> 1
B28: Tecnólogo | D28: ='ALOCAÇÃO DE EQUIPES'!E30 -> 1 | J28: =SUM(D28:I28) -> 1
B29: Jornalista | I29: =+'ALOCAÇÃO DE EQUIPES'!E125 -> 1 | J29: =SUM(D29:I29) -> 1
B30: TOTAL | D30: =SUM(D9:D29) -> 13 | E30: =SUM(E9:E29) -> 6 | F30: =SUM(F9:F29) -> 7 | G30: =SUM(G9:G29) -> 6 | H30: =SUM(H9:H29) -> 4 | I30: =SUM(I9:I29) -> 5 | J30: =SUM(J9:J29) -> 41
